Workbook

Sheet Cover Sheet
A7: KENTUCKY
E9: 2026 CAPITALIZATION RATE STUDY
A16: =+'S&D'!A12 -> Electric Utilities
A34: #VALUE!

Sheet Yield CapRate
A1: KENTUCKY DEPARTMENT OF REVENUE
A2: DIVISION OF STATE VALUATION, PUBLIC SERVICE BRANCH
A3: 2026 Tax Year
D10: YIELD CAPITALIZATION RATE CONCLUSION
D16: =+'S&D'!A12 -> Electric Utilities
B19: Source of | C19: Capital | D19: Cost of Capital | E19: Marginal | F19: Cost of Capital | G19: Weighted
B20: Capital | C20: Structure | D20: Rate | E20: Tax Rate | F20: After Tax | G20: Cost
B23: EQUITY | C23: ='S&D'!I66 -> 0.59 | D23: =+'Indicated Yield Equity Rate '!D51 -> 0.0888 | F23: =+D23 -> 0.0888 | G23: =+F23*C23 -> 0.052392
B25: DEBT | C25: ='S&D'!J66 -> 0.41 | D25: =+Debt!J37 -> 0.0588 | E25: 0.26 | F25: =+D25*(1-E25) -> 0.043512 | G25: =+C25*F25 -> 0.01783992
B27: WACC | C27: =+C23+C25 -> 1 | G27: =+G23+G25 -> 0.07023192
F29: Selected | G29: 0.0702

Sheet Direct CapRates
A1: KENTUCKY DEPARTMENT OF REVENUE
A2: DIVISION OF STATE VALUATION, PUBLIC SERVICE BRANCH
A3: 2026 Tax Year
D11: DIRECT CAPITALIZATION RATE CONCLUSION
D15: =+'S&D'!A12 -> Electric Utilities
D16: NOI After Tax (NOPAT)
B19: Source of | C19: Capital | D19: Capitalization | E19: Marginal | F19: Capitalization Rate | G19: Weighted
B20: Capital | C20: Structure | D20: Rate | E20: Tax Rate | F20: After Tax | G20: CAP RATE
B23: EQUITY | C23: ='S&D'!I66 -> 0.59 | D23: =+'Direct NOPAT'!J41 -> 0.05675 | F23: =+D23 -> 0.05675 | G23: =+F23*C23 -> 0.0334825
B25: DEBT | C25: ='S&D'!J66 -> 0.41 | D25: =+Debt!J37 -> 0.0588 | E25: 0.26 | F25: =+D25*(1-E25) -> 0.043512 | G25: =+C25*F25 -> 0.01783992
B27: TOTAL | C27: =+C23+C25 -> 1 | G27: =+G23+G25 -> 0.05132242
F29: Selected | G29: 0.0513
F31: Multiplier | G31: =1/G29 -> 19.493177
A34: KENTUCKY DEPARTMENT OF REVENUE
A35: DIVISION OF STATE VALUATION, PUBLIC SERVICE BRANCH
A36: 2026 Tax Year
D44: DIRECT CAPITALIZATION RATE CONCLUSION
D48: =+D15 -> Electric Utilities
D49: GCF After Tax
B52: Source of | C52: Capital | D52: Capitalization | E52: Marginal | F52: Capitalization Rate | G52: Weighted
B53: Capital | C53: Structure | D53: Rate | E53: Tax Rate | F53: After Tax | G53: CAP RATE
B56: EQUITY | C56: ='S&D'!I66 -> 0.59 | D56: ='Direct GCF'!H40 -> 0.1191 | E56: - | F56: =+D56 -> 0.1191 | G56: =+F56*C56 -> 0.070269
B58: DEBT | C58: ='S&D'!J66 -> 0.41 | D58: =+Debt!J37 -> 0.0588 | E58: 0.26 | F58: =+D58*(1-E58) -> 0.043512 | G58: =+C58*F58 -> 0.01783992
B60: TOTAL | C60: =+C56+C58 -> 1 | G60: =+G56+G58 -> 0.08810892
F62: Selected | G62: 0.0881
F64: Multiplier | G64: =1/G62 -> 11.350738

Sheet S&D
A1: KENTUCKY DEPARTMENT OF REVENUE
A2: DIVISION OF STATE VALUATION, PUBLIC SERVICE BRANCH
A3: 2026 Tax Year
A12: Electric Utilities | F12: CAPITAL STRUCTURE
F13: YEAR END 12/31/2025
D16: 4th Qtr | E16: 4th Qtr | F16: 4th Qtr | G16: Year End | H16: Dec. 31, 2025 | I16: Dec. 31, 2025 | J16: Dec. 31, 2025
B17: Ticker | C17: Industry | D17: Stock Price | E17: Stock Price | F17: Average | G17: Dec. 31, 2025 | H17: Common Stock | I17: Preferred Stock | J17: Long Term Debt **
A18: Company | B18: Symbol | C18: Group | D18: High | E18: Low | F18: Stock Price | G18: Stock Price | H18: Shares Outstanding * | J18: & Finance Leases
H19: Shares Issued less Treasury | I19: Book Value | J19: Book Value
A20: VL | B20: VL | C20: VL | D20: VL | E20: VL | F20: Calculated | G20: VL | H20: 10K / SEC | I20: 10K / SEC | J20: 10K / SEC
A22: Alliant Energy | B22: LNT | C22: Electric Utility - Cent | D22: 69.75 | E22: 64.3 | F22: =AVERAGE(D22,E22) -> 67.025 | G22: 65.01 | H22: 257137261 | J22: =10954000000+1074000000 -> 12028000000
A23: AMEREN Corporation | B23: AEE | C23: Electric Utility - Cent | D23: 106.73 | E23: 96.57 | F23: =AVERAGE(D23,E23) -> 101.65 | G23: 99.86 | H23: 276400000 | J23: =973000000+18214000000 -> 19187000000
A24: American Electric Power | B24: AEP | C24: Electric Utility - Cent | D24: 124.8 | E24: 113.34 | F24: =AVERAGE(D24,E24) -> 119.07 | G24: 115.31 | H24: =542048288-1186815 -> 540861473 | I24: 38000000 | J24: =44128000000+3194000000 -> 47322000000
A25: Centerpoint Energy | B25: CNP | C25: Electric Utility - Cent | D25: 40.49 | E25: 37.22 | F25: =AVERAGE(D25,E25) -> 38.855 | G25: 38.34 | H25: 652869575 | J25: =41000000+1873000000+20566000000 -> 22480000000
A26: CMS Energy | B26: CMS | C26: Electric Utility - Cent | D26: 76.11 | E26: 68.82 | F26: =AVERAGE(D26,E26) -> 72.465 | G26: 69.93 | H26: 306400000 | I26: 224000000 | J26: =956000000+17807000000+135000000 -> 18898000000
A27: DTE Energy | B27: DTE | C27: Electric Utility - Cent | D27: 143.79 | E27: 126.23 | F27: =AVERAGE(D27,E27) -> 135.01 | G27: 128.98 | H27: 207745154 | J27: =21736000000+1356000000 -> 23092000000
A28: Duke Energy | B28: DUK | C28: Electric Utility - East | D28: 130.03 | E28: 113.9 | F28: =AVERAGE(D28,E28) -> 121.965 | G28: 117.21 | H28: 778000000 | I28: 973000000 | J28: =80108000000+7104000000 -> 87212000000
A29: Entergy Corp | B29: ETR | C29: Electric Utility - Cent | D29: 98.58 | E29: 90.87 | F29: =AVERAGE(D29,E29) -> 94.725 | G29: 92.43 | H29: =583203774-130864409 -> 452339365 | J29: =221139000+2375140000 -> 2596279000
A30: Evergy Inc | B30: EVRG | C30: Electric Utility - Cent | D30: 79.32 | E30: 71.93 | F30: =AVERAGE(D30,E30) -> 75.625 | G30: 72.49 | H30: 230262674 | J30: =350000000+4883100000 -> 5233100000
A31: FirstEnergy Corp | B31: FE | C31: Electric Utility - East | D31: 48.2 | E31: 43.88 | F31: =AVERAGE(D31,E31) -> 46.04 | G31: 44.77 | H31: 578000000 | J31: =75000000+6629000000 -> 6704000000
A32: OGE Energy Corp. | B32: OGE | C32: Electric Utility - Cent | D32: 47.33 | E32: 42.23 | F32: =AVERAGE(D32,E32) -> 44.78 | G32: 42.7 | H32: 40400000 | J32: =4961700000 -> 4961700000
A33: Otter Tail Corp | B33: OTTR | C33: Electric Utility - Cent | D33: 86.48 | E33: 74.15 | F33: =AVERAGE(D33,E33) -> 80.315 | G33: 80.81 | H33: 41905520 | J33: =79951000+963566000 -> 1043517000
A34: PPL Corporation | B34: PPL | C34: Electric Utility - East | D34: 38.27 | E34: 33.17 | F34: =AVERAGE(D34,E34) -> 35.72 | G34: 35.02 | H34: 751041000 | J34: =904000000+17990000000 -> 18894000000
A35: The Southern Company | B35: SO | C35: Electric Utility - East | D35: 100.84 | E35: 83.8 | F35: =AVERAGE(D35,E35) -> 92.32 | G35: 87.2 | H35: 1099000000 | J35: 65649000000
A36: WEC Energy Group | B36: WEC | C36: Electric Utility - Cent | D36: 118.19 | E36: 109.25 | F36: =AVERAGE(D36,E36) -> 113.72 | G36: 105.46 | H36: 325461519 | I36: 30400000 | J36: =1519400000+18498100000+372000000 -> 20389500000
D41: Dec. 31, 2025 | E41: Dec. 31, 2025 | F41: Dec. 31, 2025 | G41: Dec. 31, 2025 | H41: Dec. 31, 2025 | I41: Dec. 31, 2025 | J41: Dec. 31, 2025
B42: Ticker | C42: Industry | D42: Common Stock | E42: Preferred Stock *** | F42: Operating Leases **** | G42: Long Term Debt | H42: Total Market Value | I42: % Common Stock | J42: % LT Debt & Pref Stock
A43: Company | B43: Symbol | C43: Group | D43: FMV | E43: FMV | F43: FMV / PV | G43: FMV | H43: CS+LTD +PS +OL | J43: & Op Leases
A44: VL | B44: VL | C44: VL | D44: Calculated | E44: 10K / SEC | F44: 10K / SEC | G44: 10K / SEC | H44: Calculated | I44: Calculated | J44: Calculated
A46: =+A22 -> Alliant Energy | B46: =+B22 -> LNT | C46: =+C22 -> Electric Utility - Cent | D46: =(+H22)*G22 -> 1.6716493e+10 | E46: =(194.8/200)*I22 -> 0 | F46: 21000000 | G46: =(4445/4680)*J22 -> 1.142403e+10 | H46: =+D46+E46+F46+G46 -> 2.8161523e+10 | I46: =(+D46)/H46 -> 0.59359336 | J46: =(+E46+F46+G46)/H46 -> 0.40640664
A47: =+A23 -> AMEREN Corporation | B47: =+B23 -> AEE | C47: =+C23 -> Electric Utility - Cent | D47: =(+H23)*G23 -> 27601304000 | E47: =(1/1)*I23 -> 0 | G47: =(17433/19187)*J23 -> 17433000000 | H47: =+D47+E47+F47+G47 -> 45034304000 | I47: =(+D47)/H47 -> 0.61289509 | J47: =(+E47+F47+G47)/H47 -> 0.38710491
A48: =+A24 -> American Electric Power | B48: =+B24 -> AEP | C48: =+C24 -> Electric Utility - Cent | D48: =(+H24)*G24 -> 6.2366736e+10 | E48: =(1/1)*I24 -> 38000000 | F48: 137000000 | G48: =(44930/47322)*J24 -> 44930000000 | H48: =+D48+E48+F48+G48 -> 1.0747174e+11 | I48: =(+D48)/H48 -> 0.58030826 | J48: =(+E48+F48+G48)/H48 -> 0.41969174
A49: =+A25 -> Centerpoint Energy | B49: =+B25 -> CNP | C49: =+C25 -> Electric Utility - Cent | D49: =(+H25)*G25 -> 2.503102e+10 | E49: =(1/1)*I25 -> 0 | F49: 62000000 | G49: =(22980/22377)*J25 -> 2.3085776e+10 | H49: =+D49+E49+F49+G49 -> 4.8178795e+10 | I49: =(+D49)/H49 -> 0.51954432 | J49: =(+E49+F49+G49)/H49 -> 0.48045568
A50: =+A26 -> CMS Energy | B50: =+B26 -> CMS | C50: =+C26 -> Electric Utility - Cent | D50: =(+H26)*G26 -> 2.1426552e+10 | E50: =(1/1)*I26 -> 224000000 | F50: =3000000+19000000 -> 22000000 | G50: =(18757/17645)*J26 -> 2.0088965e+10 | H50: =+D50+E50+F50+G50 -> 4.1761517e+10 | I50: =(+D50)/H50 -> 0.51306929 | J50: =(+E50+F50+G50)/H50 -> 0.48693071
A51: =+A27 -> DTE Energy | B51: =+B27 -> DTE | C51: =+C27 -> Electric Utility - Cent | D51: =(+H27)*G27 -> 2.679497e+10 | E51: =(1/1)*I27 -> 0 | F51: 267000000 | G51: =((12048+131)/13165)*J27 -> 2.1362512e+10 | H51: =+D51+E51+F51+G51 -> 4.8424482e+10 | I51: =(+D51)/H51 -> 0.55333519 | J51: =(+E51+F51+G51)/H51 -> 0.44666481
A52: =+A28 -> Duke Energy | B52: =+B28 -> DUK | C52: =+C28 -> Electric Utility - East | D52: =(+H28)*G28 -> 91189380000 | E52: =(1/1)*I28 -> 973000000 | F52: 1271000000 | G52: =(79863/87212)*J28 -> 79863000000 | H52: =+D52+E52+F52+G52 -> 173296380000 | I52: =(+D52)/H52 -> 0.52620476 | J52: =(+E52+F52+G52)/H52 -> 0.47379524
A53: =+A29 -> Entergy Corp | B53: =+B29 -> ETR | C53: =+C29 -> Electric Utility - Cent | D53: =(+H29)*G29 -> 4.1809728e+10 | E53: =(1/1)*I29 -> 0 | F53: 76642000 | G53: =(28208822000/J29)*J29 -> 28208822000 | H53: =+D53+E53+F53+G53 -> 7.0095192e+10 | I53: =(+D53)/H53 -> 0.59647069 | J53: =(+E53+F53+G53)/H53 -> 0.40352931
A54: =+A30 -> Evergy Inc | B54: =+B30 -> EVRG | C54: =+C30 -> Electric Utility - Cent | D54: =(+H30)*G30 -> 1.6691741e+10 | E54: =(1/1)*I30 -> 0 | F54: 44600000 | G54: =(13018.9/13406.2)*J30 -> 5.0819177e+09 | H54: =+D54+E54+F54+G54 -> 2.1818259e+10 | I54: =(+D54)/H54 -> 0.76503543 | J54: =(+E54+F54+G54)/H54 -> 0.23496457
A55: =+A31 -> FirstEnergy Corp | B55: =+B31 -> FE | C55: =+C31 -> Electric Utility - East | D55: =(+H31)*G31 -> 25877060000 | E55: =(1/1)*I31 -> 0 | F55: =60000000+227000000 -> 287000000 | G55: =(25756/26390)*J31 -> 6.5429414e+09 | H55: =+D55+E55+F55+G55 -> 3.2707001e+10 | I55: =(+D55)/H55 -> 0.791178 | J55: =(+E55+F55+G55)/H55 -> 0.208822
A56: =+A32 -> OGE Energy Corp. | B56: =+B32 -> OGE | C56: =+C32 -> Electric Utility - Cent | D56: =(+H32)*G32 -> 1725080000 | E56: =(1/1)*I32 -> 0 | F56: 29200000 | G56: =(362500000+60000000+4644700000+103000000+9100000)/(347600000+59900000+4847200000+103000000+11500000)*J32 -> 4.7862126e+09 | H56: =+D56+E56+F56+G56 -> 6.5404926e+09 | I56: =(+D56)/H56 -> 0.26375383 | J56: =(+E56+F56+G56)/H56 -> 0.73624617
A57: =+A33 -> Otter Tail Corp | B57: =+B33 -> OTTR | C57: =+C33 -> Electric Utility - Cent | D57: =(+H33)*G33 -> 3.3863851e+09 | E57: =(1/1)*I33 -> 0 | F57: 26891000 | G57: =(923639/1043517)*J33 -> 923639000 | H57: =+D57+E57+F57+G57 -> 4.3369151e+09 | I57: =(+D57)/H57 -> 0.78082808 | J57: =(+E57+F57+G57)/H57 -> 0.21917192
A58: =+A34 -> PPL Corporation | B58: =+B34 -> PPL | C58: =+C34 -> Electric Utility - East | D58: =(+H34)*G34 -> 2.6301456e+10 | E58: =(1/1)*I34 -> 0 | F58: 109000000 | G58: =(18488/18894)*J34 -> 18488000000 | H58: =+D58+E58+F58+G58 -> 44898455820 | I58: =(+D58)/H58 -> 0.58579867 | J58: =(+E58+F58+G58)/H58 -> 0.41420133
A59: =+A35 -> The Southern Company | B59: =+B35 -> SO | C59: =+C35 -> Electric Utility - East | D59: =(+H35)*G35 -> 95832800000 | E59: =(1.028554553)*I35 -> 0 | F59: 1484000000 | G59: =(57.7/63.2)*J35 -> 59935875000 | H59: =+D59+E59+F59+G59 -> 157252675000 | I59: =(+D59)/H59 -> 0.6094192 | J59: =(+E59+F59+G59)/H59 -> 0.3905808
A60: =+A36 -> WEC Energy Group | B60: =+B36 -> WEC | C60: =+C36 -> Electric Utility - Cent | D60: =(+H36)*G36 -> 3.4323172e+10 | E60: =(1/1)*I36 -> 30400000 | F60: =(3100000+73000000) -> 76100000 | G60: =(19609.1/20017.5)*J36 -> 1.997351e+10 | H60: =+D60+E60+F60+G60 -> 5.4403182e+10 | I60: =(+D60)/H60 -> 0.63090375 | J60: =(+E60+F60+G60)/H60 -> 0.36909625
H61: High | I61: =MAX(I46:I60) -> 0.791178 | J61: =MAX(J46:J60) -> 0.73624617
H62: Low | I62: =MIN(I46:I60) -> 0.26375383 | J62: =MIN(J46:J60) -> 0.208822
H63: Median | I63: =MEDIAN(I46:I60) -> 0.59359336 | J63: =MEDIAN(J46:J60) -> 0.40640664
H64: Mean | I64: =AVERAGE(I46:I60) -> 0.59482253 | J64: =AVERAGE(J46:J60) -> 0.40517747
H66: Selected > | I66: 0.59 | J66: 0.41
A70: Notes:
A71: The capital structure of this industry is a representative or typical capital structure of the group, not that of the present owner. The capital structure selected reflects the most likely arrangement of a prospective buyer.
A72: Guideline companies were selected from Electric (East & Central) Value Line Industry groups.
A73: * Outstanding stock shares are generally already net of Treasury stock shares
A74: ** Debt includes LT Debt , Current portion of LT Debt, and Finance leases from 10K
A75: *** Market value of preferred stock assumed to equal book value
A76: *** Market value of operating leases for all companies including the airlines and railroads
A79: Companies excluded from the study >
A80: MGE Energy (MGEE) - Removed due to a lack of a ValueLine review sheet
A81: ALLETE (ALE) has been acquired by a partnership led by Canada Pension Plan Investment Board and Global Infrastructure Partners and is now a private company.
A82: Companies added to the study >
A83: Evergy Inc (EVRG) - provides electric service to customers in Kansas and Missouri via coal and nuclear power
... A86: Black Hills (BKH) - a western company, provides gas service to 1.1 million customers in NE, IA, KS, CO, WY, & AR. Also provides electric service to 218K customers in CO, SD, WY, and MT.

Sheet Market to Book Ratios
A1: KENTUCKY DEPARTMENT OF REVENUE
A2: DIVISION OF STATE VALUATION, PUBLIC SERVICE BRANCH
A3: 2026 Tax Year
A9: =+'S&D'!A12 -> Electric Utilities | E9: Market to Book Ratios - Obsolescence Measurement
E10: YEAR END 12/31/2025
B17: Ticker | C17: Industry | D17: Market Value | E17: Book Value | F17: Market to
B18: Symbol | C18: Group | D18: Common Total Equity | E18: Common Total Equity | F18: Book Ratio
A19: Company
A20: VL | B20: VL | C20: VL | D20: VL | E20: 10K
A22: =+'S&D'!A22 -> Alliant Energy | B22: =+'S&D'!B22 -> LNT | C22: =+'S&D'!C22 -> Electric Utility - Cent | D22: =+'S&D'!D46 -> 1.6716493e+10 | E22: 7334000000 | F22: =+D22/E22 -> 2.2793146
A23: =+'S&D'!A23 -> AMEREN Corporation | B23: =+'S&D'!B23 -> AEE | C23: =+'S&D'!C23 -> Electric Utility - Cent | D23: =+'S&D'!D47 -> 27601304000 | E23: 13401000000 | F23: =+D23/E23 -> 2.0596451
A24: =+'S&D'!A24 -> American Electric Power | B24: =+'S&D'!B24 -> AEP | C24: =+'S&D'!C24 -> Electric Utility - Cent | D24: =+'S&D'!D48 -> 6.2366736e+10 | E24: 6613000000 | F24: =+D24/E24 -> 9.4309294
A25: =+'S&D'!A25 -> Centerpoint Energy | B25: =+'S&D'!B25 -> CNP | C25: =+'S&D'!C25 -> Electric Utility - Cent | D25: =+'S&D'!D49 -> 2.503102e+10 | E25: 11153000000 | F25: =+D25/E25 -> 2.2443306
A26: =+'S&D'!A26 -> CMS Energy | B26: =+'S&D'!B26 -> CMS | C26: =+'S&D'!C26 -> Electric Utility - Cent | D26: =+'S&D'!D50 -> 2.1426552e+10 | E26: 12578000000 | F26: =+D26/E26 -> 1.7034944
A27: =+'S&D'!A27 -> DTE Energy | B27: =+'S&D'!B27 -> DTE | C27: =+'S&D'!C27 -> Electric Utility - Cent | D27: =+'S&D'!D51 -> 2.679497e+10 | E27: 12510000000 | F27: =+D27/E27 -> 2.1418841
A28: =+'S&D'!A28 -> Duke Energy | B28: =+'S&D'!B28 -> DUK | C28: =+'S&D'!C28 -> Electric Utility - East | D28: =+'S&D'!D52 -> 91189380000 | E28: 51842000000 | F28: =+D28/E28 -> 1.7589865
A29: =+'S&D'!A29 -> Entergy Corp | B29: =+'S&D'!B29 -> ETR | C29: =+'S&D'!C29 -> Electric Utility - Cent | D29: =+'S&D'!D53 -> 4.1809728e+10 | E29: 17014167000 | F29: =+D29/E29 -> 2.4573479
A30: =+'S&D'!A30 -> Evergy Inc | B30: =+'S&D'!B30 -> EVRG | C30: =+'S&D'!C30 -> Electric Utility - Cent | D30: =+'S&D'!D54 -> 1.6691741e+10 | E30: 10221300000 | F30: =+D30/E30 -> 1.6330351
A31: =+'S&D'!A31 -> FirstEnergy Corp | B31: =+'S&D'!B31 -> FE | C31: =+'S&D'!C31 -> Electric Utility - East | D31: =+'S&D'!D55 -> 25877060000 | E31: 2840000000 | F31: =+D31/E31 -> 9.1116408
A32: =+'S&D'!A32 -> OGE Energy Corp. | B32: =+'S&D'!B32 -> OGE | C32: =+'S&D'!C32 -> Electric Utility - Cent | D32: =+'S&D'!D56 -> 1725080000 | E32: 4640900000 | F32: =+D32/E32 -> 0.37171238
A33: =+'S&D'!A33 -> Otter Tail Corp | B33: =+'S&D'!B33 -> OTTR | C33: =+'S&D'!C33 -> Electric Utility - Cent | D33: =+'S&D'!D57 -> 3.3863851e+09 | E33: 2612233000 | F33: =+D33/E33 -> 1.2963564
... A35: =+'S&D'!A35 -> The Southern Company | B35: =+'S&D'!B35 -> SO | C35: =+'S&D'!C35 -> Electric Utility - East | D35: =+'S&D'!D59 -> 95832800000 | E35: 33208000000 | F35: =+D35/E35 -> 2.8858347
A36: =+'S&D'!A36 -> WEC Energy Group | B36: =+'S&D'!B36 -> WEC | C36: =+'S&D'!C36 -> Electric Utility - Cent | D36: =+'S&D'!D60 -> 3.4323172e+10 | E36: =12395000000+30400000 -> 12425400000 | F36: =+D36/E36 -> 2.7623394
E37: AVERAGE | F37: =AVERAGE(F22:F36) -> 2.9336834
B43: Ticker | C43: Industry | D43: Market Value | E43: Book Value | F43: Market to
B44: Symbol | C44: Group | D44: Long Term Debt | E44: Long Term Debt | F44: Book Ratio
A45: Company
A46: VL | B46: VL | C46: VL | D46: 10K | E46: 10K
A48: =+'S&D'!A22 -> Alliant Energy | B48: =+'S&D'!B22 -> LNT | C48: =+'S&D'!C22 -> Electric Utility - Cent | D48: =+'S&D'!G46 -> 1.142403e+10 | E48: =+'S&D'!J22 -> 12028000000 | F48: =+D48/E48 -> 0.94978632
A49: =+'S&D'!A23 -> AMEREN Corporation | B49: =+'S&D'!B23 -> AEE | C49: =+'S&D'!C23 -> Electric Utility - Cent | D49: =+'S&D'!G47 -> 17433000000 | E49: =+'S&D'!J23 -> 19187000000 | F49: =+D49/E49 -> 0.90858394
A50: =+'S&D'!A24 -> American Electric Power | B50: =+'S&D'!B24 -> AEP | C50: =+'S&D'!C24 -> Electric Utility - Cent | D50: =+'S&D'!G48 -> 44930000000 | E50: =+'S&D'!J24 -> 47322000000 | F50: =+D50/E50 -> 0.94945269
A51: =+'S&D'!A25 -> Centerpoint Energy | B51: =+'S&D'!B25 -> CNP | C51: =+'S&D'!C25 -> Electric Utility - Cent | D51: =+'S&D'!G49 -> 2.3085776e+10 | E51: =+'S&D'!J25 -> 22480000000 | F51: =+D51/E51 -> 1.0269473
A52: =+'S&D'!A26 -> CMS Energy | B52: =+'S&D'!B26 -> CMS | C52: =+'S&D'!C26 -> Electric Utility - Cent | D52: =+'S&D'!G50 -> 2.0088965e+10 | E52: =+'S&D'!J26 -> 18898000000 | F52: =+D52/E52 -> 1.0630207
A53: =+'S&D'!A27 -> DTE Energy | B53: =+'S&D'!B27 -> DTE | C53: =+'S&D'!C27 -> Electric Utility - Cent | D53: =+'S&D'!G51 -> 2.1362512e+10 | E53: =+'S&D'!J27 -> 23092000000 | F53: =+D53/E53 -> 0.92510444
A54: =+'S&D'!A28 -> Duke Energy | B54: =+'S&D'!B28 -> DUK | C54: =+'S&D'!C28 -> Electric Utility - East | D54: =+'S&D'!G52 -> 79863000000 | E54: =+'S&D'!J28 -> 87212000000 | F54: =+D54/E54 -> 0.91573407
A55: =+'S&D'!A29 -> Entergy Corp | B55: =+'S&D'!B29 -> ETR | C55: =+'S&D'!C29 -> Electric Utility - Cent | D55: =+'S&D'!G53 -> 28208822000 | E55: =+'S&D'!J29 -> 2596279000 | F55: =+D55/E55 -> 10.865097
A56: =+'S&D'!A30 -> Evergy Inc | B56: =+'S&D'!B30 -> EVRG | C56: =+'S&D'!C30 -> Electric Utility - Cent | D56: =+'S&D'!G54 -> 5.0819177e+09 | E56: =+'S&D'!J30 -> 5233100000 | F56: =+D56/E56 -> 0.97111038
A57: =+'S&D'!A31 -> FirstEnergy Corp | B57: =+'S&D'!B31 -> FE | C57: =+'S&D'!C31 -> Electric Utility - East | D57: =+'S&D'!G55 -> 6.5429414e+09 | E57: =+'S&D'!J31 -> 6704000000 | F57: =+D57/E57 -> 0.97597575
A58: =+'S&D'!A32 -> OGE Energy Corp. | B58: =+'S&D'!B32 -> OGE | C58: =+'S&D'!C32 -> Electric Utility - Cent | D58: =+'S&D'!G56 -> 4.7862126e+09 | E58: =+'S&D'!J32 -> 4961700000 | F58: =+D58/E58 -> 0.9646316
A59: =+'S&D'!A33 -> Otter Tail Corp | B59: =+'S&D'!B33 -> OTTR | C59: =+'S&D'!C33 -> Electric Utility - Cent | D59: =+'S&D'!G57 -> 923639000 | E59: =+'S&D'!J33 -> 1043517000 | F59: =+D59/E59 -> 0.88512118
... A62: =+'S&D'!A36 -> WEC Energy Group | B62: =+'S&D'!B36 -> WEC | C62: =+'S&D'!C36 -> Electric Utility - Cent | D62: =+'S&D'!G60 -> 1.997351e+10 | E62: =+'S&D'!J36 -> 20389500000 | F62: =+D62/E62 -> 0.97959785
E63: AVERAGE | F63: =AVERAGE(F48:F62) -> 1.6181099
C68: Capital | D68: Market
C69: Structure | D69: to Book | E69: Composite
A70: EQUITY | C70: =+'Yield CapRate'!C23 -> 0.59 | D70: =+F37 -> 2.9336834 | E70: =+C70*D70 -> 1.7308732
A71: DEBT | B71: ='S&D'!I43 | C71: =+'Yield CapRate'!C25 -> 0.41 | D71: =+F63 -> 1.6181099 | E71: =+C71*D71 -> 0.66342508
D72: Total | E72: =+E70+E71 -> 2.3942983
A75: A market to book ratio over one would be an indication of no obsolescence.
A76: Common Total Equity excludes 'noncontrolling interests' equity value.

Sheet Maintenance CapEx
A1: KENTUCKY DEPARTMENT OF REVENUE
A2: DIVISION OF STATE VALUATION, PUBLIC SERVICE BRANCH
A3: 2026 Tax Year
A8: =+'S&D'!A12 -> Electric Utilities | G8: Maintenance Capital Expenditures
G9: Estimate using Guideline Companies
G10: YEAR END 12/31/2025
A14: A | B14: B | C14: C | D14: D | E14: E | F14: F | G14: G | H14: H | I14: I | J14: J | K14: K | L14: L
B15: Ticker | C15: Inflation | D15: PP&E Gross | E15: PP&E Gross | F15: PP&E | G15: Depreciation | H15: Average Life of | I15: * | J15: * | K15: Replacement | L15: RC as % of
A16: Company | B16: Symbol | C16: Rate % | D16: Current Year | E16: Previous Year | F16: Average | G16: Expense | H16: Assets | K16: Cost | L16: Depreciation
A17: VL | B17: VL | C17: CPI | D17: 10K Balance Sheet | E17: 10K Balance Sheet | F17: (D+E)/2 | G17: 10K Income Statement | H17: F/G | I17: C*H | J17: 1/(1=C)^H | K17: (G*I) / (1-J) | L17: K/G
A20: =+'S&D'!A22 -> Alliant Energy | B20: =+'S&D'!B22 -> LNT | C20: =+'Growth & Inflation Rates'!$D$56 -> 0.0228 | D20: =17747000000+6690000000 -> 24437000000 | E20: 22943000000 | F20: =(D20+E20)/2 -> 23690000000 | G20: 846000000 | H20: =+F20/G20 -> 28.002364 | I20: =+C20*H20 -> 0.6384539 | J20: =1/(1+C20)^H20 -> 0.53190823 | K20: =(G20*I20)/(1-J20) -> 1.1539019e+09 | L20: =+K20/G20 -> 1.3639503
A21: =+'S&D'!A23 -> AMEREN Corporation | B21: =+'S&D'!B23 -> AEE | C21: =+'Growth & Inflation Rates'!$D$56 -> 0.0228 | D21: =18788000000+10875000000 -> 29663000000 | E21: 29663000000 | F21: =(D21+E21)/2 -> 29663000000 | G21: 1568000000 | H21: =+F21/G21 -> 18.91773 | I21: =+C21*H21 -> 0.43132423 | J21: =1/(1+C21)^H21 -> 0.65280251 | K21: =(G21*I21)/(1-J21) -> 1.94793e+09 | L21: =+K21/G21 -> 1.2423023
A22: =+'S&D'!A24 -> American Electric Power | B22: =+'S&D'!B24 -> AEP | C22: =+'Growth & Inflation Rates'!$D$56 -> 0.0228 | D22: 120579000000 | E22: 108602000000 | F22: =(D22+E22)/2 -> 114590500000 | G22: 3380000000 | H22: =+F22/G22 -> 33.902515 | I22: =+C22*H22 -> 0.77297734 | J22: =1/(1+C22)^H22 -> 0.46566113 | K22: =(G22*I22)/(1-J22) -> 4.8895253e+09 | L22: =+K22/G22 -> 1.4466051
A23: =+'S&D'!A25 -> Centerpoint Energy | B23: =+'S&D'!B25 -> CNP | C23: =+'Growth & Inflation Rates'!$D$56 -> 0.0228 | D23: 44676000000 | E23: 42667000000 | F23: =(D23+E23)/2 -> 43671500000 | G23: 1530000000 | H23: =+F23/G23 -> 28.543464 | I23: =+C23*H23 -> 0.65079098 | J23: =1/(1+C23)^H23 -> 0.52545914 | K23: =(G23*I23)/(1-J23) -> 2.0982602e+09 | L23: =+K23/G23 -> 1.3714119
A24: =+'S&D'!A26 -> CMS Energy | B24: =+'S&D'!B26 -> CMS | C24: =+'Growth & Inflation Rates'!$D$56 -> 0.0228 | D24: =17747000000+6690000000 -> 24437000000 | E24: 35200000000 | F24: =(D24+E24)/2 -> 29818500000 | G24: 1306000000 | H24: =+F24/G24 -> 22.83193 | I24: =+C24*H24 -> 0.52056799 | J24: =1/(1+C24)^H24 -> 0.5976666 | K24: =(G24*I24)/(1-J24) -> 1.6897971e+09 | L24: =+K24/G24 -> 1.2938722
A25: =+'S&D'!A27 -> DTE Energy | B25: =+'S&D'!B27 -> DTE | C25: =+'Growth & Inflation Rates'!$D$56 -> 0.0228 | D25: 56213000000 | E25: 40840000000 | F25: =(D25+E25)/2 -> 48526500000 | G25: 1664000000 | H25: =+F25/G25 -> 29.16256 | I25: =+C25*H25 -> 0.66490637 | J25: =1/(1+C25)^H25 -> 0.51817632 | K25: =(G25*I25)/(1-J25) -> 2.2962844e+09 | L25: =+K25/G25 -> 1.3799786
A26: =+'S&D'!A28 -> Duke Energy | B26: =+'S&D'!B28 -> DUK | C26: =+'Growth & Inflation Rates'!$D$56 -> 0.0228 | D26: 190409000000 | E26: 180806000000 | F26: =(D26+E26)/2 -> 185607500000 | G26: 6324000000 | H26: =+F26/G26 -> 29.3497 | I26: =+C26*H26 -> 0.66917315 | J26: =1/(1+C26)^H26 -> 0.5159948 | K26: =(G26*I26)/(1-J26) -> 8.7433999e+09 | L26: =+K26/G26 -> 1.3825743
A27: =+'S&D'!A29 -> Entergy Corp | B27: =+'S&D'!B29 -> ETR | C27: =+'Growth & Inflation Rates'!$D$56 -> 0.0228 | D27: 81605615000 | E27: 74867690000 | F27: =(D27+E27)/2 -> 78236652500 | G27: 2077692000 | H27: =+F27/G27 -> 37.655558 | I27: =+C27*H27 -> 0.85854673 | J27: =1/(1+C27)^H27 -> 0.42788296 | K27: =(G27*I27)/(1-J27) -> 3.117886e+09 | L27: =+K27/G27 -> 1.5006488
A28: =+'S&D'!A30 -> Evergy Inc | B28: =+'S&D'!B30 -> EVRG | C28: =+'Growth & Inflation Rates'!$D$56 -> 0.0228 | D28: =26301500000+1498600000 -> 27800100000 | E28: 37188500000 | F28: =(D28+E28)/2 -> 32494300000 | G28: 1162900000 | H28: =+F28/G28 -> 27.942471 | I28: =+C28*H28 -> 0.63708835 | J28: =1/(1+C28)^H28 -> 0.53262691 | K28: =(G28*I28)/(1-J28) -> 1.5851791e+09 | L28: =+K28/G28 -> 1.3631259
A29: =+'S&D'!A31 -> FirstEnergy Corp | B29: =+'S&D'!B31 -> FE | C29: =+'Growth & Inflation Rates'!$D$56 -> 0.0228 | D29: =12469000000+2804000000 -> 15273000000 | E29: =11212000000+2596000000 -> 13808000000 | F29: =(D29+E29)/2 -> 14540500000 | G29: =351000000+5000000 -> 356000000 | H29: =+F29/G29 -> 40.844101 | I29: =+C29*H29 -> 0.93124551 | J29: =1/(1+C29)^H29 -> 0.39820515 | K29: =(G29*I29)/(1-J29) -> 5.5089105e+08 | L29: =+K29/G29 -> 1.5474468
A30: =+'S&D'!A32 -> OGE Energy Corp. | B30: =+'S&D'!B32 -> OGE | C30: =+'Growth & Inflation Rates'!$D$56 -> 0.0228 | D30: 17068800000 | E30: 17068800000 | F30: =(D30+E30)/2 -> 17068800000 | G30: 559800000 | H30: =+F30/G30 -> 30.49089 | I30: =+C30*H30 -> 0.69519228 | J30: =1/(1+C30)^H30 -> 0.50288914 | K30: =(G30*I30)/(1-J30) -> 7.8286087e+08 | L30: =+K30/G30 -> 1.3984653
A31: =+'S&D'!A33 -> Otter Tail Corp | B31: =+'S&D'!B33 -> OTTR | C31: =+'Growth & Inflation Rates'!$D$56 -> 0.0228 | D31: =3412833000+403101000 -> 3815934000 | E31: 3815934000 | F31: =(D31+E31)/2 -> 3815934000 | G31: 118107000 | H31: =+F31/G31 -> 32.309126 | I31: =+C31*H31 -> 0.73664808 | J31: =1/(1+C31)^H31 -> 0.48269234 | K31: =(G31*I31)/(1-J31) -> 1.6818482e+08 | L31: =+K31/G31 -> 1.4240038
A32: =+'S&D'!A34 -> PPL Corporation | B32: =+'S&D'!B34 -> PPL | C32: =+'Growth & Inflation Rates'!$D$56 -> 0.0228 | D32: =40391000000+79000000+2390000000 -> 42860000000 | E32: 40470000000 | F32: =(D32+E32)/2 -> 41665000000 | G32: 1312000000 | H32: =+F32/G32 -> 31.75686 | I32: =+C32*H32 -> 0.7240564 | J32: =1/(1+C32)^H32 -> 0.48873957 | K32: =(G32*I32)/(1-J32) -> 1.8580785e+09 | L32: =+K32/G32 -> 1.4162183
A33: =+'S&D'!A35 -> The Southern Company | B33: =+'S&D'!B35 -> SO | C33: =+'Growth & Inflation Rates'!$D$56 -> 0.0228 | D33: =104689000000+40126000000 -> 144815000000 | E33: 143532000000 | F33: =(D33+E33)/2 -> 144173500000 | G33: 5501000000 | H33: =+F33/G33 -> 26.208598 | I33: =+C33*H33 -> 0.59755604 | J33: =1/(1+C33)^H33 -> 0.55385868 | K33: =(G33*I33)/(1-J33) -> 7.3679699e+09 | L33: =+K33/G33 -> 1.3393874
A34: =+'S&D'!A36 -> WEC Energy Group | B34: =+'S&D'!B36 -> WEC | C34: =+'Growth & Inflation Rates'!$D$56 -> 0.0228 | D34: =38278100000+10180200000+1559100000 -> 50017400000 | E34: 57330400000 | F34: =(D34+E34)/2 -> 53673900000 | G34: 1478500000 | H34: =+F34/G34 -> 36.302942 | I34: =+C34*H34 -> 0.82770708 | J34: =1/(1+C34)^H34 -> 0.44113151 | K34: =(G34*I34)/(1-J34) -> 2.1897189e+09 | L34: =+K34/G34 -> 1.4810409
K36: High | L36: =MAX(L20:L34) -> 1.5474468
K37: Low | L37: =MIN(L20:L34) -> 1.2423023
K38: Median | L38: =MEDIAN(L20:L34) -> 1.3825743
K39: Mean | L39: =AVERAGE(L20:L34) -> 1.3967355
K41: Selected > | L41: 1.3967
A44: Notes:
A45: *Cornell, B. & Gerger, R. (2017) Estimating Terminal Values with Inflation : The Inputs Matter - It is Not a Formulaic Exercise. Business Valuation Review, Vol.36, Number 4, 117-123.
A47: Property, Plant & Equipment includes CWIP, but should exclude intangibles and the associated amortization.
A49: KENTUCKY DEPARTMENT OF REVENUE
A50: DIVISION OF STATE VALUATION, PUBLIC SERVICE BRANCH
A51: 2026 Tax Year
G56: Maintenance Capital Expenditures and Change in Working Capital
G57: YEAR END 12/31/2025
A62: g = b X ROE | C62: The plowback ratio is multiplied by Net Cash Flow to estimate the amount of additional capital expenditures needed to achieve projected results.
A63: b = g / ROE | C63: It is assumed that the ROE is a fixed (unchanging) rate.
A65: g = LT growth rate
A66: b = reinvestment rate
A67: ROE = Return on equity (or return on investment)
A73: Aswath Damodaran's model to determine the Reinvesment Rate >
A75: Reinvestment Rate = | D75: Capital Expenditures - Depreciation + Change in Working Capital
D76: EBIT (1-Tax Rate)

Sheet Beta for CAPM
A1: KENTUCKY DEPARTMENT OF REVENUE
A2: DIVISION OF STATE VALUATION, PUBLIC SERVICE BRANCH
A3: 2026 Tax Year
A8: =+'S&D'!A12 -> Electric Utilities
E9: BETA SELECTION for CAPM
E10: YEAR END 12/31/2025
B13: Ticker | C13: Industry | D13: Actual | E13: Return on | F13: Retained to | G13: Financial | H13: Levered Beta
A14: Company | B14: Symbol | C14: Group | D14: Tax Rate | E14: Shareholders Equity | F14: Common Equity | G14: Strength | H14: Current
A15: VL | B15: VL | C15: VL | D15: VL | E15: Vl Projected 2026 | F15: Vl Projected 2026 | G15: VL | H15: Vl Projected 2026
A18: =+'S&D'!A22 -> Alliant Energy | B18: =+'S&D'!B22 -> LNT | C18: =+'S&D'!C22 -> Electric Utility - Cent | D18: 0.02 | E18: 0.115 | F18: 0.04 | G18: A | H18: 0.8
A19: =+'S&D'!A23 -> AMEREN Corporation | B19: =+'S&D'!B23 -> AEE | C19: =+'S&D'!C23 -> Electric Utility - Cent | D19: 0.12 | E19: 0.11 | F19: 0.05 | G19: A | H19: 0.8
A20: =+'S&D'!A24 -> American Electric Power | B20: =+'S&D'!B24 -> AEP | C20: =+'S&D'!C24 -> Electric Utility - Cent | D20: 0.21 | E20: 0.1 | F20: 0.04 | G20: A | H20: 0.7
A21: =+'S&D'!A25 -> Centerpoint Energy | B21: =+'S&D'!B25 -> CNP | C21: =+'S&D'!C25 -> Electric Utility - Cent | D21: 0.16 | E21: 0.105 | F21: 0.05 | G21: B++ | H21: 0.8
A22: =+'S&D'!A26 -> CMS Energy | B22: =+'S&D'!B26 -> CMS | C22: =+'S&D'!C26 -> Electric Utility - Cent | D22: 0.2 | E22: 0.12 | F22: 0.05 | G22: B++ | H22: 0.7
A23: =+'S&D'!A27 -> DTE Energy | B23: =+'S&D'!B27 -> DTE | C23: =+'S&D'!C27 -> Electric Utility - Cent | D23: 0.05 | E23: 0.125 | F23: 0.05 | G23: B++ | H23: 0.8
A24: =+'S&D'!A28 -> Duke Energy | B24: =+'S&D'!B28 -> DUK | C24: =+'S&D'!C28 -> Electric Utility - East | D24: 0.11 | E24: 0.1 | F24: 0.035 | G24: A | H24: 0.65
A25: =+'S&D'!A29 -> Entergy Corp | B25: =+'S&D'!B29 -> ETR | C25: =+'S&D'!C29 -> Electric Utility - Cent | D25: 0.2 | E25: 0.095 | F25: 0.025 | G25: A | H25: 0.8
A26: =+'S&D'!A30 -> Evergy Inc | B26: =+'S&D'!B30 -> EVRG | C26: =+'S&D'!C30 -> Electric Utility - Cent | D26: 0.06 | E26: 0.08 | F26: 0.03 | G26: B++ | H26: 0.8
A27: =+'S&D'!A31 -> FirstEnergy Corp | B27: =+'S&D'!B31 -> FE | C27: =+'S&D'!C31 -> Electric Utility - East | D27: 0.21 | E27: 0.115 | F27: 0.035 | G27: B++ | H27: 0.75
A28: =+'S&D'!A32 -> OGE Energy Corp. | B28: =+'S&D'!B32 -> OGE | C28: =+'S&D'!C32 -> Electric Utility - Cent | D28: 0.15 | E28: 0.1 | F28: 0.03 | G28: B++ | H28: 0.85
A29: =+'S&D'!A33 -> Otter Tail Corp | B29: =+'S&D'!B33 -> OTTR | C29: =+'S&D'!C33 -> Electric Utility - Cent | D29: 0.175 | E29: 0.115 | F29: 0.065 | G29: B++ | H29: 0.9
... A32: =+'S&D'!A36 -> WEC Energy Group | B32: =+'S&D'!B36 -> WEC | C32: =+'S&D'!C36 -> Electric Utility - Cent | D32: 0.19 | E32: 0.125 | F32: 0.04 | G32: A | H32: 0.7
G33: High | H33: =MAX(H18:H32) -> 0.9
G34: Low | H34: =MIN(H18:H32) -> 0.65
G35: Median | H35: =MEDIAN(H18:H32) -> 0.8
G36: Mean | H36: =AVERAGE(H18:H32) -> 0.76666667
G38: Selected | H38: 0.77
A41: Return on Shareholders Equity -- Annual net profit divided by year-end shareholders equity, expressed as a percentage.
A42: Retained to Common Equity -- Net profit less all common and preferred dividends divided by common equity including intangible assets, expressed as a percentage. Also known as the plowback ratio.

Sheet Dividends 
A1: KENTUCKY DEPARTMENT OF REVENUE
A2: DIVISION OF STATE VALUATION, PUBLIC SERVICE BRANCH
A3: 2026 Tax Year
A6: =+'S&D'!A12 -> Electric Utilities
E7: Dividend Data
E8: YEAR END 12/31/2025
B10: Ticker | C10: Industry | D10: Stock | E10: Dividends | F10: Dividend | G10: Dividends | H10: Dividend | I10: Dividends | J10: Dividend | K10: Short Term
B11: Symbol | C11: Group | D11: Price | E11: Per Share | F11: Yield | G11: Per Share | H11: Yield | I11: Per Share | J11: Yield | K11: Growth Rate
A12: Company | E12: Historic | F12: Historic | G12: 1 Yr Projected | H12: 1 Yr Projected | I12: 3-5 Yr Projected | J12: 3-5 Yr Projected | K12: (1)
A13: VL | B13: VL | C13: VL | D13: Year End | E13: VL | G13: VL | I13: VL
A16: =+'S&D'!A22 -> Alliant Energy | B16: =+'S&D'!B22 -> LNT | C16: =+'S&D'!C22 -> Electric Utility - Cent | D16: =+'S&D'!G22 -> 65.01 | E16: 2.15 | F16: =+E16/D16 -> 0.033071835 | G16: 2.28 | H16: =+G16/D16 -> 0.035071527 | I16: 2.72 | J16: =+I16/D16 -> 0.041839717 | K16: =RATE(3,,-G16,I16) -> 0.060583059
A17: =+'S&D'!A23 -> AMEREN Corporation | B17: =+'S&D'!B23 -> AEE | C17: =+'S&D'!C23 -> Electric Utility - Cent | D17: =+'S&D'!G23 -> 99.86 | E17: 3.03 | F17: =+E17/D17 -> 0.030342479 | G17: 3.2 | H17: =+G17/D17 -> 0.032044863 | I17: 3.57 | J17: =+I17/D17 -> 0.03575005 | K17: =RATE(3,,-G17,I17) -> 0.037144844
A18: =+'S&D'!A24 -> American Electric Power | B18: =+'S&D'!B24 -> AEP | C18: =+'S&D'!C24 -> Electric Utility - Cent | D18: =+'S&D'!G24 -> 115.31 | E18: 3.98 | F18: =+E18/D18 -> 0.034515653 | G18: 4.08 | H18: =+G18/D18 -> 0.035382881 | I18: 4.31 | J18: =+I18/D18 -> 0.037377504 | K18: =RATE(3,,-G18,I18) -> 0.018448413
A19: =+'S&D'!A25 -> Centerpoint Energy | B19: =+'S&D'!B25 -> CNP | C19: =+'S&D'!C25 -> Electric Utility - Cent | D19: =+'S&D'!G25 -> 38.34 | E19: 0.95 | F19: =+E19/D19 -> 0.024778299 | G19: 1.15 | H19: =+G19/D19 -> 0.029994784 | I19: 1.25 | J19: =+I19/D19 -> 0.032603026 | K19: =RATE(3,,-G19,I19) -> 0.028183723
A20: =+'S&D'!A26 -> CMS Energy | B20: =+'S&D'!B26 -> CMS | C20: =+'S&D'!C26 -> Electric Utility - Cent | D20: =+'S&D'!G26 -> 69.93 | E20: 2.3 | F20: =+E20/D20 -> 0.032890033 | G20: 2.5 | H20: =+G20/D20 -> 0.035750036 | I20: 3.1 | J20: =+I20/D20 -> 0.044330044 | K20: =RATE(3,,-G20,I20) -> 0.074337071
A21: =+'S&D'!A27 -> DTE Energy | B21: =+'S&D'!B27 -> DTE | C21: =+'S&D'!C27 -> Electric Utility - Cent | D21: =+'S&D'!G27 -> 128.98 | E21: 4.71 | F21: =+E21/D21 -> 0.03651729 | G21: 4.95 | H21: =+G21/D21 -> 0.038378043 | I21: 5.7 | J21: =+I21/D21 -> 0.044192898 | K21: =RATE(3,,-G21,I21) -> 0.04814947
A22: =+'S&D'!A28 -> Duke Energy | B22: =+'S&D'!B28 -> DUK | C22: =+'S&D'!C28 -> Electric Utility - East | D22: =+'S&D'!G28 -> 117.21 | E22: 4.3 | F22: =+E22/D22 -> 0.03668629 | G22: 4.42 | H22: =+G22/D22 -> 0.037710093 | I22: 5.3 | J22: =+I22/D22 -> 0.045217985 | K22: =RATE(3,,-G22,I22) -> 0.062391368
A23: =+'S&D'!A29 -> Entergy Corp | B23: =+'S&D'!B29 -> ETR | C23: =+'S&D'!C29 -> Electric Utility - Cent | D23: =+'S&D'!G29 -> 92.43 | E23: 2.6 | F23: =+E23/D23 -> 0.028129395 | G23: 2.68 | H23: =+G23/D23 -> 0.028994915 | I23: 3 | J23: =+I23/D23 -> 0.032456994 | K23: =RATE(3,,-G23,I23) -> 0.038314264
A24: =+'S&D'!A30 -> Evergy Inc | B24: =+'S&D'!B30 -> EVRG | C24: =+'S&D'!C30 -> Electric Utility - Cent | D24: =+'S&D'!G30 -> 72.49 | E24: 2.78 | F24: =+E24/D24 -> 0.038350117 | G24: 2.8 | H24: =+G24/D24 -> 0.038626017 | I24: 3.1 | J24: =+I24/D24 -> 0.042764519 | K24: =RATE(3,,-G24,I24) -> 0.034509669
A25: =+'S&D'!A31 -> FirstEnergy Corp | B25: =+'S&D'!B31 -> FE | C25: =+'S&D'!C31 -> Electric Utility - East | D25: =+'S&D'!G31 -> 44.77 | E25: 1.86 | F25: =+E25/D25 -> 0.041545678 | G25: 1.94 | H25: =+G25/D25 -> 0.043332589 | I25: 2.24 | J25: =+I25/D25 -> 0.050033505 | K25: =RATE(3,,-G25,I25) -> 0.049096479
A26: =+'S&D'!A32 -> OGE Energy Corp. | B26: =+'S&D'!B32 -> OGE | C26: =+'S&D'!C32 -> Electric Utility - Cent | D26: =+'S&D'!G32 -> 42.7 | E26: 1.7 | F26: =+E26/D26 -> 0.039812646 | G26: 1.7 | H26: =+G26/D26 -> 0.039812646 | I26: 1.85 | J26: =+I26/D26 -> 0.043325527 | K26: =RATE(3,,-G26,I26) -> 0.028586774
A27: =+'S&D'!A33 -> Otter Tail Corp | B27: =+'S&D'!B33 -> OTTR | C27: =+'S&D'!C33 -> Electric Utility - Cent | D27: =+'S&D'!G33 -> 80.81 | E27: 2.31 | F27: =+E27/D27 -> 0.028585571 | G27: 2.5 | H27: =+G27/D27 -> 0.030936765 | I27: 3.15 | J27: =+I27/D27 -> 0.038980324 | K27: =RATE(3,,-G27,I27) -> 0.080082298
... A30: =+'S&D'!A36 -> WEC Energy Group | B30: =+'S&D'!B36 -> WEC | C30: =+'S&D'!C36 -> Electric Utility - Cent | D30: =+'S&D'!G36 -> 105.46 | E30: 3.81 | F30: =+E30/D30 -> 0.036127442 | G30: 4 | H30: =+G30/D30 -> 0.037929073 | I30: 4.59 | J30: =+I30/D30 -> 0.043523611 | K30: =RATE(3,,-G30,I30) -> 0.046929807
D32: High | E32: =MAX(E16:E30) -> 4.71 | F32: =MAX(F16:F30) -> 0.041545678 | G32: =MAX(G16:G30) -> 4.95 | H32: =MAX(H16:H30) -> 0.043332589 | I32: =MAX(I16:I30) -> 5.7 | J32: =MAX(J16:J30) -> 0.050033505 | K32: =MAX(K16:K30) -> 0.080082298
D33: Low | E33: =MIN(E16:E30) -> 0.95 | F33: =MIN(F16:F30) -> 0.024778299 | G33: =MIN(G16:G30) -> 1.15 | H33: =MIN(H16:H30) -> 0.028994915 | I33: =MIN(I16:I30) -> 1.25 | J33: =MIN(J16:J30) -> 0.032456994 | K33: =MIN(K16:K30) -> 0.018448413
D34: Median | E34: =MEDIAN(E16:E30) -> 2.6 | F34: =MEDIAN(F16:F30) -> 0.034515653 | G34: =MEDIAN(G16:G30) -> 2.68 | H34: =MEDIAN(H16:H30) -> 0.035750036 | I34: =MEDIAN(I16:I30) -> 3.1 | J34: =MEDIAN(J16:J30) -> 0.041839717 | K34: =MEDIAN(K16:K30) -> 0.046929807
D35: Mean | E35: =AVERAGE(E16:E30) -> 2.712 | F35: =AVERAGE(F16:F30) -> 0.033955936 | G35: =AVERAGE(G16:G30) -> 2.838 | H35: =AVERAGE(H16:H30) -> 0.03567308 | I35: =AVERAGE(I16:I30) -> 3.2506667 | J35: =AVERAGE(J16:J30) -> 0.040864307 | K35: =AVERAGE(K16:K30) -> 0.046105908
A38: (1) 4 Year compound annual growth rate (CAGR) - 3 periods

Sheet Earnings
A1: KENTUCKY DEPARTMENT OF REVENUE
A2: DIVISION OF STATE VALUATION, PUBLIC SERVICE BRANCH
A3: 2026 Tax Year
A6: =+'S&D'!A12 -> Electric Utilities
E7: Earnings Data
E8: YEAR END 12/31/2025
B10: Ticker | C10: Industry | D10: Stock | E10: Earnings | F10: Earnings | G10: Earnings | H10: Earnings | I10: Earnings | J10: Earnings | K10: Short Term
B11: Symbol | C11: Group | D11: Price | E11: Per Share | F11: Yield | G11: Per Share | H11: Yield | I11: Per Share | J11: Yield | K11: Growth Rate
A12: Company | E12: Historic | F12: Historic | G12: 1 Yr Projected | H12: 1 Yr Projected | I12: 3-5 Yr Projected | J12: 3-5 Yr Projected | K12: (1)
A13: VL | B13: VL | C13: VL | D13: Year End | E13: VL | G13: VL | I13: VL
A16: =+'S&D'!A22 -> Alliant Energy | B16: =+'S&D'!B22 -> LNT | C16: =+'S&D'!C22 -> Electric Utility - Cent | D16: =+'S&D'!G22 -> 65.01 | E16: 3.45 | F16: =+E16/D16 -> 0.053068759 | G16: 3.7 | H16: =+G16/D16 -> 0.056914321 | I16: 4.55 | J16: =+I16/D16 -> 0.069989232 | K16: =RATE(3,,-G16,I16) -> 0.071362787
A17: =+'S&D'!A23 -> AMEREN Corporation | B17: =+'S&D'!B23 -> AEE | C17: =+'S&D'!C23 -> Electric Utility - Cent | D17: =+'S&D'!G23 -> 99.86 | E17: 5.35 | F17: =+E17/D17 -> 0.053575005 | G17: 5.8 | H17: =+G17/D17 -> 0.058081314 | I17: 7.15 | J17: =+I17/D17 -> 0.07160024 | K17: =RATE(3,,-G17,I17) -> 0.072241674
A18: =+'S&D'!A24 -> American Electric Power | B18: =+'S&D'!B24 -> AEP | C18: =+'S&D'!C24 -> Electric Utility - Cent | D18: =+'S&D'!G24 -> 115.31 | E18: 6.3 | F18: =+E18/D18 -> 0.054635331 | G18: 6.8 | H18: =+G18/D18 -> 0.058971468 | I18: 7.5 | J18: =+I18/D18 -> 0.065042061 | K18: =RATE(3,,-G18,I18) -> 0.033199332
A19: =+'S&D'!A25 -> Centerpoint Energy | B19: =+'S&D'!B25 -> CNP | C19: =+'S&D'!C25 -> Electric Utility - Cent | D19: =+'S&D'!G25 -> 38.34 | E19: 1.9 | F19: =+E19/D19 -> 0.049556599 | G19: 2.1 | H19: =+G19/D19 -> 0.054773083 | I19: 2.4 | J19: =+I19/D19 -> 0.062597809 | K19: =RATE(3,,-G19,I19) -> 0.045515917
A20: =+'S&D'!A26 -> CMS Energy | B20: =+'S&D'!B26 -> CMS | C20: =+'S&D'!C26 -> Electric Utility - Cent | D20: =+'S&D'!G26 -> 69.93 | E20: 3.8 | F20: =+E20/D20 -> 0.054340054 | G20: 4.1 | H20: =+G20/D20 -> 0.058630059 | I20: 5.15 | J20: =+I20/D20 -> 0.073645074 | K20: =RATE(3,,-G20,I20) -> 0.078966078
A21: =+'S&D'!A27 -> DTE Energy | B21: =+'S&D'!B27 -> DTE | C21: =+'S&D'!C27 -> Electric Utility - Cent | D21: =+'S&D'!G27 -> 128.98 | E21: 7.7 | F21: =+E21/D21 -> 0.059699178 | G21: 8.3 | H21: =+G21/D21 -> 0.064351062 | I21: 9.5 | J21: =+I21/D21 -> 0.07365483 | K21: =RATE(3,,-G21,I21) -> 0.046040511
A22: =+'S&D'!A28 -> Duke Energy | B22: =+'S&D'!B28 -> DUK | C22: =+'S&D'!C28 -> Electric Utility - East | D22: =+'S&D'!G28 -> 117.21 | E22: 6.7 | F22: =+E22/D22 -> 0.057162358 | G22: 7.1 | H22: =+G22/D22 -> 0.060575036 | I22: 8.5 | J22: =+I22/D22 -> 0.07251941 | K22: =RATE(3,,-G22,I22) -> 0.061826416
A23: =+'S&D'!A29 -> Entergy Corp | B23: =+'S&D'!B29 -> ETR | C23: =+'S&D'!C29 -> Electric Utility - Cent | D23: =+'S&D'!G29 -> 92.43 | E23: 3.6 | F23: =+E23/D23 -> 0.038948393 | G23: 3.9 | H23: =+G23/D23 -> 0.042194093 | I23: 4.35 | J23: =+I23/D23 -> 0.047062642 | K23: =RATE(3,,-G23,I23) -> 0.037070347
A24: =+'S&D'!A30 -> Evergy Inc | B24: =+'S&D'!B30 -> EVRG | C24: =+'S&D'!C30 -> Electric Utility - Cent | D24: =+'S&D'!G30 -> 72.49 | E24: 4.25 | F24: =+E24/D24 -> 0.058628776 | G24: 4.55 | H24: =+G24/D24 -> 0.062767278 | I24: 5.3 | J24: =+I24/D24 -> 0.073113533 | K24: =RATE(3,,-G24,I24) -> 0.052175434
A25: =+'S&D'!A31 -> FirstEnergy Corp | B25: =+'S&D'!B31 -> FE | C25: =+'S&D'!C31 -> Electric Utility - East | D25: =+'S&D'!G31 -> 44.77 | E25: 2.7 | F25: =+E25/D25 -> 0.060308242 | G25: 2.9 | H25: =+G25/D25 -> 0.064775519 | I25: 3.6 | J25: =+I25/D25 -> 0.08041099 | K25: =RATE(3,,-G25,I25) -> 0.074735269
A26: =+'S&D'!A32 -> OGE Energy Corp. | B26: =+'S&D'!B32 -> OGE | C26: =+'S&D'!C32 -> Electric Utility - Cent | D26: =+'S&D'!G32 -> 42.7 | E26: 2.45 | F26: =+E26/D26 -> 0.057377049 | G26: 2.6 | H26: =+G26/D26 -> 0.06088993 | I26: 3.15 | J26: =+I26/D26 -> 0.073770492 | K26: =RATE(3,,-G26,I26) -> 0.066053668
A27: =+'S&D'!A33 -> Otter Tail Corp | B27: =+'S&D'!B33 -> OTTR | C27: =+'S&D'!C33 -> Electric Utility - Cent | D27: =+'S&D'!G33 -> 80.81 | E27: 5.4 | F27: =+E27/D27 -> 0.066823413 | G27: 5.05 | H27: =+G27/D27 -> 0.062492266 | I27: 6.5 | J27: =+I27/D27 -> 0.08043559 | K27: =RATE(3,,-G27,I27) -> 0.087778973
... A30: =+'S&D'!A36 -> WEC Energy Group | B30: =+'S&D'!B36 -> WEC | C30: =+'S&D'!C36 -> Electric Utility - Cent | D30: =+'S&D'!G36 -> 105.46 | E30: 5.6 | F30: =+E30/D30 -> 0.053100702 | G30: 6 | H30: =+G30/D30 -> 0.056893609 | I30: 7.25 | J30: =+I30/D30 -> 0.068746444 | K30: =RATE(3,,-G30,I30) -> 0.065112755
D32: High | E32: =+MAX(E16:E30) -> 7.7 | F32: =+MAX(F16:F30) -> 0.066823413 | G32: =+MAX(G16:G30) -> 8.3 | H32: =+MAX(H16:H30) -> 0.064775519 | I32: =+MAX(I16:I30) -> 9.5 | J32: =+MAX(J16:J30) -> 0.08043559 | K32: =+MAX(K16:K30) -> 0.087778973
D33: Low | E33: =MIN(E16:E30) -> 1.9 | F33: =MIN(F16:F30) -> 0.038948393 | G33: =MIN(G16:G30) -> 2.1 | H33: =MIN(H16:H30) -> 0.042194093 | I33: =MIN(I16:I30) -> 2.4 | J33: =MIN(J16:J30) -> 0.047062642 | K33: =MIN(K16:K30) -> 0.033199332
D34: Median | E34: =MEDIAN(E16:E30) -> 4.25 | F34: =MEDIAN(F16:F30) -> 0.054635331 | G34: =MEDIAN(G16:G30) -> 4.55 | H34: =MEDIAN(H16:H30) -> 0.058971468 | I34: =MEDIAN(I16:I30) -> 5.3 | J34: =MEDIAN(J16:J30) -> 0.07251941 | K34: =MEDIAN(K16:K30) -> 0.066053668
D35: Mean | E35: =AVERAGE(E16:E30) -> 4.38 | F35: =AVERAGE(F16:F30) -> 0.055005682 | G35: =AVERAGE(G16:G30) -> 4.6533333 | H35: =AVERAGE(H16:H30) -> 0.058488043 | I35: =AVERAGE(I16:I30) -> 5.57 | J35: =AVERAGE(J16:J30) -> 0.070471115 | K35: =AVERAGE(K16:K30) -> 0.063328186
A38: (1) 4 Year compound annual growth rate (CAGR) - 3 periods

Sheet Debt
A1: KENTUCKY DEPARTMENT OF REVENUE
A2: DIVISION OF STATE VALUATION, PUBLIC SERVICE BRANCH
A3: 2026 Tax Year
A6: =+'S&D'!A12 -> Electric Utilities
E7: DEBT RATE for Direct and Yield Approach
E8: YEAR END 12/31/2025
B10: Ticker | C10: Industry | D10: Actual | E10: Financial | F10: S & P | G10: Numeric | H10: Moody's Bond | I10: Numeric | J10: Mergent Bond
A11: Company | B11: Symbol | C11: Group | D11: Tax Rate | E11: Strength | F11: Rating | G11: Rating | H11: Rating | I11: Rating | J11: Debt Rate
A12: VL | B12: VL | C12: VL | D12: VL | E12: VL | F12: S&P | H12: Moody's Bond | J12: Mergent Bond
A15: =+'S&D'!A22 -> Alliant Energy | B15: =+'S&D'!B22 -> LNT | C15: =+'S&D'!C22 -> Electric Utility - Cent | D15: =+'Beta for CAPM'!D18 -> 0.02 | E15: =+'Beta for CAPM'!G18 -> A | F15: BBB+ | G15: 10 | H15: Baa2 | I15: =VLOOKUP(H15,$A$43:$E$66,2,0) -> 11 | J15: =VLOOKUP(I15,$B$43:$E$66,4,0) -> 0.0588
A16: =+'S&D'!A23 -> AMEREN Corporation | B16: =+'S&D'!B23 -> AEE | C16: =+'S&D'!C23 -> Electric Utility - Cent | D16: =+'Beta for CAPM'!D19 -> 0.12 | E16: =+'Beta for CAPM'!G19 -> A | F16: BBB+ | G16: 10 | H16: Baa1 | I16: =VLOOKUP(H16,$A$43:$E$66,2,0) -> 10 | J16: =VLOOKUP(I16,$B$43:$E$66,4,0) -> 0.0588
A17: =+'S&D'!A24 -> American Electric Power | B17: =+'S&D'!B24 -> AEP | C17: =+'S&D'!C24 -> Electric Utility - Cent | D17: =+'Beta for CAPM'!D20 -> 0.21 | E17: =+'Beta for CAPM'!G20 -> A | F17: BBB+ | G17: 10 | H17: Baa2 | I17: =VLOOKUP(H17,$A$43:$E$66,2,0) -> 11 | J17: =VLOOKUP(I17,$B$43:$E$66,4,0) -> 0.0588
A18: =+'S&D'!A25 -> Centerpoint Energy | B18: =+'S&D'!B25 -> CNP | C18: =+'S&D'!C25 -> Electric Utility - Cent | D18: =+'Beta for CAPM'!D21 -> 0.16 | E18: =+'Beta for CAPM'!G21 -> B++ | F18: BBB+ | G18: 10 | H18: Baa2 | I18: =VLOOKUP(H18,$A$43:$E$66,2,0) -> 11 | J18: =VLOOKUP(I18,$B$43:$E$66,4,0) -> 0.0588
A19: =+'S&D'!A26 -> CMS Energy | B19: =+'S&D'!B26 -> CMS | C19: =+'S&D'!C26 -> Electric Utility - Cent | D19: =+'Beta for CAPM'!D22 -> 0.2 | E19: =+'Beta for CAPM'!G22 -> B++ | F19: BBB+ | G19: 10 | H19: Baa2 | I19: =VLOOKUP(H19,$A$43:$E$66,2,0) -> 11 | J19: =VLOOKUP(I19,$B$43:$E$66,4,0) -> 0.0588
A20: =+'S&D'!A27 -> DTE Energy | B20: =+'S&D'!B27 -> DTE | C20: =+'S&D'!C27 -> Electric Utility - Cent | D20: =+'Beta for CAPM'!D23 -> 0.05 | E20: =+'Beta for CAPM'!G23 -> B++ | F20: BBB+ | G20: 10 | H20: Baa2 | I20: =VLOOKUP(H20,$A$43:$E$66,2,0) -> 11 | J20: =VLOOKUP(I20,$B$43:$E$66,4,0) -> 0.0588
A21: =+'S&D'!A28 -> Duke Energy | B21: =+'S&D'!B28 -> DUK | C21: =+'S&D'!C28 -> Electric Utility - East | D21: =+'Beta for CAPM'!D24 -> 0.11 | E21: =+'Beta for CAPM'!G24 -> A | F21: BBB+ | G21: 10 | H21: Baa2 | I21: =VLOOKUP(H21,$A$43:$E$66,2,0) -> 11 | J21: =VLOOKUP(I21,$B$43:$E$66,4,0) -> 0.0588
A22: =+'S&D'!A29 -> Entergy Corp | B22: =+'S&D'!B29 -> ETR | C22: =+'S&D'!C29 -> Electric Utility - Cent | D22: =+'Beta for CAPM'!D25 -> 0.2 | E22: =+'Beta for CAPM'!G25 -> A | F22: BBB+ | G22: 10 | H22: Baa2 | I22: =VLOOKUP(H22,$A$43:$E$66,2,0) -> 11 | J22: =VLOOKUP(I22,$B$43:$E$66,4,0) -> 0.0588
A23: =+'S&D'!A30 -> Evergy Inc | B23: =+'S&D'!B30 -> EVRG | C23: =+'S&D'!C30 -> Electric Utility - Cent | D23: =+'Beta for CAPM'!D26 -> 0.06 | E23: B++ | F23: BBB+ | G23: 10 | H23: Baa2 | I23: =VLOOKUP(H23,$A$43:$E$66,2,0) -> 11 | J23: =VLOOKUP(I23,$B$43:$E$66,4,0) -> 0.0588
A24: =+'S&D'!A31 -> FirstEnergy Corp | B24: =+'S&D'!B31 -> FE | C24: =+'S&D'!C31 -> Electric Utility - East | D24: =+'Beta for CAPM'!D27 -> 0.21 | E24: =+'Beta for CAPM'!G27 -> B++ | F24: BBB+ | G24: 10 | H24: Baa3 | I24: =VLOOKUP(H24,$A$43:$E$66,2,0) -> 12 | J24: =VLOOKUP(I24,$B$43:$E$66,4,0) -> 0.0588
A25: =+'S&D'!A32 -> OGE Energy Corp. | B25: =+'S&D'!B32 -> OGE | C25: =+'S&D'!C32 -> Electric Utility - Cent | D25: =+'Beta for CAPM'!D28 -> 0.15 | E25: =+'Beta for CAPM'!G28 -> B++ | F25: BBB+ | G25: 10 | H25: Baa1 | I25: =VLOOKUP(H25,$A$43:$E$66,2,0) -> 10 | J25: =VLOOKUP(I25,$B$43:$E$66,4,0) -> 0.0588
A26: =+'S&D'!A33 -> Otter Tail Corp | B26: =+'S&D'!B33 -> OTTR | C26: =+'S&D'!C33 -> Electric Utility - Cent | D26: =+'Beta for CAPM'!D29 -> 0.175 | E26: =+'Beta for CAPM'!G29 -> B++ | F26: BBB | G26: 11 | H26: Baa2 | I26: =VLOOKUP(H26,$A$43:$E$66,2,0) -> 11 | J26: =VLOOKUP(I26,$B$43:$E$66,4,0) -> 0.0588
A27: =+'S&D'!A34 -> PPL Corporation | B27: =+'S&D'!B34 -> PPL | C27: =+'S&D'!C34 -> Electric Utility - East | D27: =+'Beta for CAPM'!D30 -> 0.21 | E27: =+'Beta for CAPM'!G30 -> A+ | F27: A- | G27: 9 | H27: Baa1 | I27: =VLOOKUP(H27,$A$43:$E$66,2,0) -> 10 | J27: =VLOOKUP(I27,$B$43:$E$66,4,0) -> 0.0588
A28: =+'S&D'!A35 -> The Southern Company | B28: =+'S&D'!B35 -> SO | C28: =+'S&D'!C35 -> Electric Utility - East | D28: =+'Beta for CAPM'!D31 -> 0.15 | E28: =+'Beta for CAPM'!G31 -> A | F28: A- | G28: 9 | H28: Baa1 | I28: =VLOOKUP(H28,$A$43:$E$66,2,0) -> 10 | J28: =VLOOKUP(I28,$B$43:$E$66,4,0) -> 0.0588
A29: =+'S&D'!A36 -> WEC Energy Group | B29: =+'S&D'!B36 -> WEC | C29: =+'S&D'!C36 -> Electric Utility - Cent | D29: =+'Beta for CAPM'!D32 -> 0.19 | E29: =+'Beta for CAPM'!G32 -> A | F29: A- | G29: 9 | H29: Baa1 | I29: =VLOOKUP(H29,$A$43:$E$66,2,0) -> 10 | J29: =VLOOKUP(I29,$B$43:$E$66,4,0) -> 0.0588
E31: High | G31: =MAX(G15:G29) -> 11 | I31: =MAX(I15:I29) -> 12 | J31: =MAX(J15:J29) -> 0.0588
E32: Low | G32: =MIN(G15:G29) -> 9 | I32: =MIN(I15:I29) -> 10 | J32: =MIN(J15:J29) -> 0.0588
E33: Median | G33: =MEDIAN(G15:G29) -> 10 | I33: =MEDIAN(I15:I29) -> 11 | J33: =MEDIAN(J15:J29) -> 0.0588
E34: Mean | G34: =AVERAGE(G15:G29) -> 9.8666667 | I34: =AVERAGE(I15:I29) -> 10.733333 | J34: =AVERAGE(J15:J29) -> 0.0588
H37: Indicated Rate of Debt > | J37: 0.0588
A41: Bond Rating Scale
A42: Moody's Rating | B42: Scale | C42: S&P Rating | D42: Corporate December Avg | E42: Utility December Avg
A43: Aaa1 | B43: 1 | C43: AAA+ | D43: 0.0531 | E43: 0.0531
A44: Aaa2 | B44: 2 | C44: AAA | D44: 0.0531 | E44: 0.0531 | F44: Obligations rated Aaa are judged to be of the highest quality, with minimal risk.
A45: Aaa3 | B45: 3 | C45: AAA- | D45: 0.0531 | E45: 0.0531
A46: Aa1 | B46: 4 | C46: AA+ | D46: 0.0549 | E46: 0.0557
A47: Aa2 | B47: 5 | C47: AA | D47: 0.0549 | E47: 0.0557 | F47: Obligations rated Aa are judged to be of high quality, with minimal risk.
A48: Aa3 | B48: 6 | C48: AA- | D48: 0.0549 | E48: 0.0557
A49: A1 | B49: 7 | C49: A+ | D49: 0.0563 | E49: 0.0568
A50: A2 | B50: 8 | C50: A | D50: 0.0563 | E50: 0.0568 | F50: Obligations rated A are considered upper-medium-grade and are sub­ject to low credit risk.
A51: A3 | B51: 9 | C51: A- | D51: 0.0563 | E51: 0.0568
A52: Baa1 | B52: 10 | C52: BBB+ | D52: 0.059 | E52: 0.0588
A53: Baa2 | B53: 11 | C53: BBB | D53: 0.059 | E53: 0.0588 | F53: Obligations rated Baa are subject to moderate credit risk. They are considered medium-grade and as such may possess speculative characteristics.
A54: Baa3 | B54: 12 | C54: BBB- | D54: 0.059 | E54: 0.0588
A55: Ba1 | B55: 13 | C55: BB+ | D55: 0.0813 | E55: 0.0814
A56: Ba2 | B56: 14 | C56: BB | D56: 0.0813 | E56: 0.0814 | F56: Obligations rated Ba are judged to have speculative elements and are subject to substantial credit risk.
A57: Ba3 | B57: 15 | C57: BB- | D57: 0.0813 | E57: 0.0814
A58: B1 | B58: 16 | C58: B+ | D58: 0.0899 | E58: 0.09
A59: B2 | B59: 17 | C59: B | D59: 0.0899 | E59: 0.09 | F59: Obligations rated B are considered speculative and are subject to high credit risk.
A60: B3 | B60: 18 | C60: B- | D60: 0.0899 | E60: 0.09
A61: Caa1 | B61: 19 | C61: CCC+ | D61: 0.0985 | E61: 0.0986
A62: Caa2 | B62: 20 | C62: CCC | D62: 0.0985 | E62: 0.0986 | F62: Obligations rated Caa are judged to be of poor standing and are subject to very high credit risk .
A63: Caa3 | B63: 21 | C63: CCC- | D63: 0.0985 | E63: 0.0986
A64: Ca1 | B64: 22 | C64: CC+
A65: Ca2 | B65: 23 | C65: CC | F65: Obligations rated Ca are highly speculative and are likely in, or very near, default, with some prospect of recovery in principal and interest.
A66: Ca3 | B66: 24 | C66: CC-
A67: C1 C2 C3 | B67: 25 | C67: C | F67: Obligations rated C are the lowest-rated class of bonds and are typical­ly in default, with little prospect for recovery of principal and interest.

Sheet Direct GCF
A1: KENTUCKY DEPARTMENT OF REVENUE
A2: DIVISION OF STATE VALUATION, PUBLIC SERVICE BRANCH
A3: 2026 Tax Year
A6: =+'S&D'!A12 -> Electric Utilities
D9: GCF CASH FLOW MULTIPLE & EQUITY RATE | K9: GCF CASH FLOW MULTIPLE & EQUITY RATE (1 Yr Projected VL)
D10: YEAR END 12/31/2025 | K10: YEAR END 12/31/2025
B12: Ticker | D12: Gross Cash Flow | E12: Gross Cash Flow | F12: Computed | H12: Ticker | J12: Gross Cash Flow | L12: Gross Cash Flow | M12: Computed
A13: Company | B13: Symbol | C13: Price | E13: Multiple | F13: Inverse | H13: Symbol | I13: Price | L13: Multiple | M13: Inverse
C14: Year End | D14: VL Historic | I14: Year End | J14: VL Projected
A17: Alliant Energy | B17: LNT | C17: =+'S&D'!G22 -> 65.01 | D17: 6.75 | E17: =C17/D17 -> 9.6311111 | F17: =1/E17 -> 0.10383018 | H17: =+B17 -> LNT | I17: =+C17 -> 65.01 | J17: 7 | L17: =I17/J17 -> 9.2871429 | M17: =1/L17 -> 0.10767574
A18: AMEREN | B18: AEE | C18: =+'S&D'!G23 -> 99.86 | D18: 11.65 | E18: =C18/D18 -> 8.5716738 | F18: =1/E18 -> 0.11666333 | H18: =+B18 -> AEE | I18: =+C18 -> 99.86 | J18: 12.25 | L18: =I18/J18 -> 8.1518367 | M18: =1/L18 -> 0.12267174
A19: American Electric Power | B19: AEP | C19: =+'S&D'!G24 -> 115.31 | D19: 12.8 | E19: =C19/D19 -> 9.0085937 | F19: =1/E19 -> 0.11100512 | H19: =+B19 -> AEP | I19: =+C19 -> 115.31 | J19: 13.5 | L19: =I19/J19 -> 8.5414815 | M19: =1/L19 -> 0.11707571
A20: Centerpoint Energy | B20: CNP | C20: =+'S&D'!G25 -> 38.34 | D20: 4.35 | E20: =C20/D20 -> 8.8137931 | F20: =1/E20 -> 0.11345853 | H20: =+B20 -> CNP | I20: =+C20 -> 38.34 | J20: 4.65 | L20: =I20/J20 -> 8.2451613 | M20: =1/L20 -> 0.12128326
A21: CMS Energy | B21: CMS | C21: =+'S&D'!G26 -> 69.93 | D21: 8.2 | E21: =C21/D21 -> 8.5280488 | F21: =1/E21 -> 0.11726012 | H21: =+B21 -> CMS | I21: =+C21 -> 69.93 | J21: 8.65 | L21: =I21/J21 -> 8.0843931 | M21: =1/L21 -> 0.12369512
A22: DTE Energy | B22: DTE | C22: =+'S&D'!G27 -> 128.98 | D22: 16.75 | E22: =C22/D22 -> 7.7002985 | F22: =1/E22 -> 0.1298651 | H22: =+B22 -> DTE | I22: =+C22 -> 128.98 | J22: 17.45 | L22: =I22/J22 -> 7.391404 | M22: =1/L22 -> 0.13529229
A23: Duke Energy | B23: DUK | C23: =+'S&D'!G28 -> 117.21 | D23: 15.75 | E23: =C23/D23 -> 7.4419048 | F23: =1/E23 -> 0.1343742 | H23: =+B23 -> DUK | I23: =+C23 -> 117.21 | J23: 16.5 | L23: =I23/J23 -> 7.1036364 | M23: =1/L23 -> 0.14077297
A24: Entergy Corp | B24: ETR | C24: =+'S&D'!G29 -> 92.43 | D24: 9.95 | E24: =C24/D24 -> 9.2894472 | F24: =1/E24 -> 0.10764903 | H24: =+B24 -> ETR | I24: =+C24 -> 92.43 | J24: 10.6 | L24: =I24/J24 -> 8.7198113 | M24: =1/L24 -> 0.11468138
A25: Evergy Inc | B25: EVRG | C25: =+'S&D'!G30 -> 72.49 | D25: 10.4 | E25: =C25/D25 -> 6.9701923 | F25: =1/E25 -> 0.14346806 | H25: =+B25 -> EVRG | I25: =+C25 -> 72.49 | J25: 10.95 | L25: =I25/J25 -> 6.6200913 | M25: =1/L25 -> 0.15105532
A26: FirstEnergy Corp | B26: FE | C26: =+'S&D'!G31 -> 44.77 | D26: 5.55 | E26: =C26/D26 -> 8.0666667 | F26: =1/E26 -> 0.12396694 | H26: =+B26 -> FE | I26: =+C26 -> 44.77 | J26: 5.9 | L26: =I26/J26 -> 7.5881356 | M26: =1/L26 -> 0.13178468
A27: OGE Energy Corp. | B27: OGE | C27: =+'S&D'!G32 -> 42.7 | D27: 5.25 | E27: =C27/D27 -> 8.1333333 | F27: =1/E27 -> 0.12295082 | H27: =+B27 -> OGE | I27: =+C27 -> 42.7 | J27: 5.5 | L27: =I27/J27 -> 7.7636364 | M27: =1/L27 -> 0.12880562
A28: Otter Tail Corp | B28: OTTR | C28: =+'S&D'!G33 -> 80.81 | D28: 8.55 | E28: =C28/D28 -> 9.451462 | F28: =1/E28 -> 0.10580374 | H28: =+B28 -> OTTR | I28: =+C28 -> 80.81 | J28: 8.55 | L28: =I28/J28 -> 9.451462 | M28: =1/L28 -> 0.10580374
... A31: WEC Energy Group | B31: WEC | C31: =+'S&D'!G36 -> 105.46 | D31: 11.15 | E31: =C31/D31 -> 9.458296 | F31: =1/E31 -> 0.10572729 | H31: =+B31 -> WEC | I31: =+C31 -> 105.46 | J31: 11.55 | L31: =I31/J31 -> 9.1307359 | M31: =1/L31 -> 0.1095202
C33: High | D33: =MAX(D17:D31) -> 16.75 | E33: =MAX(E17:E31) -> 9.8531073 | F33: =MAX(F17:F31) -> 0.14346806 | I33: High | J33: =MAX(J17:J31) -> 17.45 | L33: =MAX(L17:L31) -> 9.6353591 | M33: =MAX(M17:M31) -> 0.15105532
C34: Low | D34: =MIN(D17:D31) -> 3.8 | E34: =MIN(E17:E31) -> 6.9701923 | F34: =MIN(F17:F31) -> 0.10149083 | I34: Low | J34: =MIN(J17:J31) -> 3.95 | L34: =MIN(L17:L31) -> 6.6200913 | M34: =MIN(M17:M31) -> 0.1037844
C35: Median | D35: =MEDIAN(D17:D31) -> 8.85 | E35: =MEDIAN(E17:E31) -> 8.8137931 | F35: =MEDIAN(F17:F31) -> 0.11345853 | I35: Median | J35: =MEDIAN(J17:J31) -> 9.05 | L35: =MEDIAN(L17:L31) -> 8.2451613 | M35: =MEDIAN(M17:M31) -> 0.12128326
C36: Mean | D36: =AVERAGE(D17:D31) -> 9.3166667 | E36: =AVERAGE(E17:E31) -> 8.6755812 | F36: =AVERAGE(F17:F31) -> 0.11640151 | I36: Mean | J36: =AVERAGE(J17:J31) -> 9.7366667 | L36: =AVERAGE(L17:L31) -> 8.3053407 | M36: =AVERAGE(M17:M31) -> 0.12177966
D38: Selected | E38: 8.68 | F38: 0.1164 | J38: Selected | L38: 8.31 | M38: 0.1218
E40: SELECTED AVERAGE > | G40: =(+E38+L38)/2 -> 8.495 | H40: =(+F38+M38)/2 -> 0.1191

Sheet Direct NOPAT
A1: KENTUCKY DEPARTMENT OF REVENUE
A2: DIVISION OF STATE VALUATION, PUBLIC SERVICE BRANCH
A3: 2026 Tax Year
A6: =+'S&D'!A12 -> Electric Utilities
E8: NOPAT CASH FLOW MULTIPLE & EQUITY RATE | K8: NOPAT CASH FLOW MULTIPLE & EQUITY RATE (1 Yr Projected VL)
E9: YEAR END 12/31/2025 | K9: YEAR END 12/31/2025
C11: Ticker | E11: NOPAT | F11: NOPAT | G11: Computed | I11: Ticker | K11: NOPAT | L11: NOPAT | M11: Computed
A12: Company | C12: Symbol | D12: Price | E12: Earnings | F12: Multiple | G12: Inverse | I12: Symbol | J12: Price | K12: Earnings | L12: Multiple | M12: Inverse
D13: Year End | E13: VL Historic | J13: Year End | K13: VL Projected NOI
A16: =+'S&D'!A22 -> Alliant Energy | C16: =+'S&D'!B22 -> LNT | D16: ='S&D'!G22 -> 65.01 | E16: =+Earnings!E16 -> 3.45 | F16: =D16/E16 -> 18.843478 | G16: =1/F16 -> 0.053068759 | I16: LNT | J16: =+D16 -> 65.01 | K16: =+Earnings!G16 -> 3.7 | L16: =J16/K16 -> 17.57027 | M16: =1/L16 -> 0.056914321
A17: =+'S&D'!A23 -> AMEREN Corporation | C17: =+'S&D'!B23 -> AEE | D17: ='S&D'!G23 -> 99.86 | E17: =+Earnings!E17 -> 5.35 | F17: =D17/E17 -> 18.665421 | G17: =1/F17 -> 0.053575005 | I17: AEE | J17: =+D17 -> 99.86 | K17: =+Earnings!G17 -> 5.8 | L17: =J17/K17 -> 17.217241 | M17: =1/L17 -> 0.058081314
A18: =+'S&D'!A24 -> American Electric Power | C18: =+'S&D'!B24 -> AEP | D18: ='S&D'!G24 -> 115.31 | E18: =+Earnings!E18 -> 6.3 | F18: =D18/E18 -> 18.303175 | G18: =1/F18 -> 0.054635331 | I18: AEP | J18: =+D18 -> 115.31 | K18: =+Earnings!G18 -> 6.8 | L18: =J18/K18 -> 16.957353 | M18: =1/L18 -> 0.058971468
A19: =+'S&D'!A25 -> Centerpoint Energy | C19: =+'S&D'!B25 -> CNP | D19: ='S&D'!G25 -> 38.34 | E19: =+Earnings!E19 -> 1.9 | F19: =D19/E19 -> 20.178947 | G19: =1/F19 -> 0.049556599 | I19: CNP | J19: =+D19 -> 38.34 | K19: =+Earnings!G19 -> 2.1 | L19: =J19/K19 -> 18.257143 | M19: =1/L19 -> 0.054773083
A20: =+'S&D'!A26 -> CMS Energy | C20: =+'S&D'!B26 -> CMS | D20: ='S&D'!G26 -> 69.93 | E20: =+Earnings!E20 -> 3.8 | F20: =D20/E20 -> 18.402632 | G20: =1/F20 -> 0.054340054 | I20: CMS | J20: =+D20 -> 69.93 | K20: =+Earnings!G20 -> 4.1 | L20: =J20/K20 -> 17.056098 | M20: =1/L20 -> 0.058630059
A21: =+'S&D'!A27 -> DTE Energy | C21: =+'S&D'!B27 -> DTE | D21: ='S&D'!G27 -> 128.98 | E21: =+Earnings!E21 -> 7.7 | F21: =D21/E21 -> 16.750649 | G21: =1/F21 -> 0.059699178 | I21: DTE | J21: =+D21 -> 128.98 | K21: =+Earnings!G21 -> 8.3 | L21: =J21/K21 -> 15.539759 | M21: =1/L21 -> 0.064351062
A22: =+'S&D'!A28 -> Duke Energy | C22: =+'S&D'!B28 -> DUK | D22: ='S&D'!G28 -> 117.21 | E22: =+Earnings!E22 -> 6.7 | F22: =D22/E22 -> 17.49403 | G22: =1/F22 -> 0.057162358 | I22: DUK | J22: =+D22 -> 117.21 | K22: =+Earnings!G22 -> 7.1 | L22: =J22/K22 -> 16.508451 | M22: =1/L22 -> 0.060575036
A23: =+'S&D'!A29 -> Entergy Corp | C23: =+'S&D'!B29 -> ETR | D23: ='S&D'!G29 -> 92.43 | E23: =+Earnings!E23 -> 3.6 | F23: =D23/E23 -> 25.675 | G23: =1/F23 -> 0.038948393 | I23: ETR | J23: =+D23 -> 92.43 | K23: =+Earnings!G23 -> 3.9 | L23: =J23/K23 -> 23.7 | M23: =1/L23 -> 0.042194093
A24: =+'S&D'!A30 -> Evergy Inc | C24: =+'S&D'!B30 -> EVRG | D24: ='S&D'!G30 -> 72.49 | E24: =+Earnings!E24 -> 4.25 | F24: =D24/E24 -> 17.056471 | G24: =1/F24 -> 0.058628776 | I24: =+C24 -> EVRG | J24: =+D24 -> 72.49 | K24: =+Earnings!G24 -> 4.55 | L24: =J24/K24 -> 15.931868 | M24: =1/L24 -> 0.062767278
A25: =+'S&D'!A31 -> FirstEnergy Corp | C25: =+'S&D'!B31 -> FE | D25: ='S&D'!G31 -> 44.77 | E25: =+Earnings!E25 -> 2.7 | F25: =D25/E25 -> 16.581481 | G25: =1/F25 -> 0.060308242 | I25: FE | J25: =+D25 -> 44.77 | K25: =+Earnings!G25 -> 2.9 | L25: =J25/K25 -> 15.437931 | M25: =1/L25 -> 0.064775519
A26: =+'S&D'!A32 -> OGE Energy Corp. | C26: =+'S&D'!B32 -> OGE | D26: ='S&D'!G32 -> 42.7 | E26: =+Earnings!E26 -> 2.45 | F26: =D26/E26 -> 17.428571 | G26: =1/F26 -> 0.057377049 | I26: OGE | J26: =+D26 -> 42.7 | K26: =+Earnings!G26 -> 2.6 | L26: =J26/K26 -> 16.423077 | M26: =1/L26 -> 0.06088993
A27: =+'S&D'!A33 -> Otter Tail Corp | C27: =+'S&D'!B33 -> OTTR | D27: ='S&D'!G33 -> 80.81 | E27: =+Earnings!E27 -> 5.4 | F27: =D27/E27 -> 14.964815 | G27: =1/F27 -> 0.066823413 | I27: OTTR | J27: =+D27 -> 80.81 | K27: =+Earnings!G27 -> 5.05 | L27: =J27/K27 -> 16.00198 | M27: =1/L27 -> 0.062492266
A28: =+'S&D'!A34 -> PPL Corporation | C28: =+'S&D'!B34 -> PPL | D28: ='S&D'!G34 -> 35.02 | E28: =+Earnings!E28 -> 1.95 | F28: =D28/E28 -> 17.958974 | G28: =1/F28 -> 0.055682467 | I28: PPL | J28: =+D28 -> 35.02 | K28: =+Earnings!G28 -> 2.1 | L28: =J28/K28 -> 16.67619 | M28: =1/L28 -> 0.059965734
A29: =+'S&D'!A35 -> The Southern Company | C29: =+'S&D'!B35 -> SO | D29: ='S&D'!G35 -> 87.2 | E29: =+Earnings!E29 -> 4.55 | F29: =D29/E29 -> 19.164835 | G29: =1/F29 -> 0.052178899 | I29: SO | J29: =+D29 -> 87.2 | K29: =+Earnings!G29 -> 4.8 | L29: =J29/K29 -> 18.166667 | M29: =1/L29 -> 0.055045872
A30: =+'S&D'!A36 -> WEC Energy Group | C30: =+'S&D'!B36 -> WEC | D30: ='S&D'!G36 -> 105.46 | E30: =+Earnings!E30 -> 5.6 | F30: =D30/E30 -> 18.832143 | G30: =1/F30 -> 0.053100702 | I30: WEC | J30: =+D30 -> 105.46 | K30: =+Earnings!G30 -> 6 | L30: =J30/K30 -> 17.576667 | M30: =1/L30 -> 0.056893609
D32: High | E32: =MAX(E16:E30) -> 7.7 | F32: =MAX(F16:F30) -> 25.675 | G32: =MAX(G16:G30) -> 0.066823413 | J32: High | K32: =MAX(K16:K30) -> 8.3 | L32: =MAX(L16:L30) -> 23.7 | M32: =MAX(M16:M30) -> 0.064775519
D33: Low | E33: =MIN(E16:E30) -> 1.9 | F33: =MIN(F16:F30) -> 14.964815 | G33: =MIN(G16:G30) -> 0.038948393 | J33: Low | K33: =MIN(K16:K30) -> 2.1 | L33: =MIN(L16:L30) -> 15.437931 | M33: =MIN(M16:M30) -> 0.042194093
D34: Median | E34: =MEDIAN(E16:E30) -> 4.25 | F34: =MEDIAN(F16:F30) -> 18.303175 | G34: =MEDIAN(G16:G30) -> 0.054635331 | J34: Median | K34: =MEDIAN(K16:K30) -> 4.55 | L34: =MEDIAN(L16:L30) -> 16.957353 | M34: =MEDIAN(M16:M30) -> 0.058971468
D35: Mean | E35: =AVERAGE(E16:E30) -> 4.38 | F35: =AVERAGE(F16:F30) -> 18.420041 | G35: =AVERAGE(G16:G30) -> 0.055005682 | J35: Mean | K35: =AVERAGE(K16:K30) -> 4.6533333 | L35: =AVERAGE(L16:L30) -> 17.268046 | M35: =AVERAGE(M16:M30) -> 0.058488043
E37: Selected | F37: 18.42 | G37: 0.055 | K37: Selected | L37: 17.27 | M37: 0.0585
G41: SELECTED AVERAGE > | I41: =(+F37+L37)/2 -> 17.845 | J41: =(+G37+M37)/2 -> 0.05675
E46: NOPAT CASH FLOW MULTIPLE & EQUITY RATE (LT 29-31 Yr Projected VL)
E47: YEAR END 12/31/2025
C49: Ticker | D49: Share | E49: NOPAT Earnings | F49: NOPAT | G49: Computed
A50: Company | C50: Symbol | D50: Price | E50: Per Share | F50: Multiple | G50: Inverse
D51: Year End | E51: VL LT Projected NOI
A54: =+'S&D'!A22 -> Alliant Energy | C54: =+'S&D'!B22 -> LNT | D54: ='S&D'!G22 -> 65.01 | E54: =+Earnings!I16 -> 4.55 | F54: =D54/E54 -> 14.287912 | G54: =1/F54 -> 0.069989232
A55: =+'S&D'!A23 -> AMEREN Corporation | C55: =+'S&D'!B23 -> AEE | D55: ='S&D'!G23 -> 99.86 | E55: =+Earnings!I17 -> 7.15 | F55: =D55/E55 -> 13.966434 | G55: =1/F55 -> 0.07160024
A56: =+'S&D'!A24 -> American Electric Power | C56: =+'S&D'!B24 -> AEP | D56: ='S&D'!G24 -> 115.31 | E56: =+Earnings!I18 -> 7.5 | F56: =D56/E56 -> 15.374667 | G56: =1/F56 -> 0.065042061
A57: =+'S&D'!A25 -> Centerpoint Energy | C57: =+'S&D'!B25 -> CNP | D57: ='S&D'!G25 -> 38.34 | E57: =+Earnings!I19 -> 2.4 | F57: =D57/E57 -> 15.975 | G57: =1/F57 -> 0.062597809
A58: =+'S&D'!A26 -> CMS Energy | C58: =+'S&D'!B26 -> CMS | D58: ='S&D'!G26 -> 69.93 | E58: =+Earnings!I20 -> 5.15 | F58: =D58/E58 -> 13.578641 | G58: =1/F58 -> 0.073645074
A59: =+'S&D'!A27 -> DTE Energy | C59: =+'S&D'!B27 -> DTE | D59: ='S&D'!G27 -> 128.98 | E59: =+Earnings!I21 -> 9.5 | F59: =D59/E59 -> 13.576842 | G59: =1/F59 -> 0.07365483
A60: =+'S&D'!A28 -> Duke Energy | C60: =+'S&D'!B28 -> DUK | D60: ='S&D'!G28 -> 117.21 | E60: =+Earnings!I22 -> 8.5 | F60: =D60/E60 -> 13.789412 | G60: =1/F60 -> 0.07251941
A61: =+'S&D'!A29 -> Entergy Corp | C61: =+'S&D'!B29 -> ETR | D61: ='S&D'!G29 -> 92.43 | E61: =+Earnings!I23 -> 4.35 | F61: =D61/E61 -> 21.248276 | G61: =1/F61 -> 0.047062642
A62: =+'S&D'!A30 -> Evergy Inc | C62: =+'S&D'!B30 -> EVRG | D62: ='S&D'!G30 -> 72.49 | E62: =+Earnings!I24 -> 5.3 | F62: =D62/E62 -> 13.677358 | G62: =1/F62 -> 0.073113533
A63: =+'S&D'!A31 -> FirstEnergy Corp | C63: =+'S&D'!B31 -> FE | D63: ='S&D'!G31 -> 44.77 | E63: =+Earnings!I25 -> 3.6 | F63: =D63/E63 -> 12.436111 | G63: =1/F63 -> 0.08041099
A64: =+'S&D'!A32 -> OGE Energy Corp. | C64: =+'S&D'!B32 -> OGE | D64: ='S&D'!G32 -> 42.7 | E64: =+Earnings!I26 -> 3.15 | F64: =D64/E64 -> 13.555556 | G64: =1/F64 -> 0.073770492
A65: =+'S&D'!A33 -> Otter Tail Corp | C65: =+'S&D'!B33 -> OTTR | D65: ='S&D'!G33 -> 80.81 | E65: =+Earnings!I27 -> 6.5 | F65: =D65/E65 -> 12.432308 | G65: =1/F65 -> 0.08043559
... A68: =+'S&D'!A36 -> WEC Energy Group | C68: =+'S&D'!B36 -> WEC | D68: ='S&D'!G36 -> 105.46 | E68: =+Earnings!I30 -> 7.25 | F68: =D68/E68 -> 14.546207 | G68: =1/F68 -> 0.068746444
D70: High | E70: =MAX(E54:E68) -> 9.5 | F70: =MAX(F54:F68) -> 21.248276 | G70: =MAX(G54:G68) -> 0.08043559
D71: Low | E71: =MIN(E54:E68) -> 2.4 | F71: =MIN(F54:F68) -> 12.432308 | G71: =MIN(G54:G68) -> 0.047062642
D72: Median | E72: =MEDIAN(E54:E68) -> 5.3 | F72: =MEDIAN(F54:F68) -> 13.789412 | G72: =MEDIAN(G54:G68) -> 0.07251941
D73: Mean | E73: =AVERAGE(E54:E68) -> 5.57 | F73: =AVERAGE(F54:F68) -> 14.412877 | G73: =AVERAGE(G54:G68) -> 0.070471115
E75: Selected | F75: 14.41 | G75: 0.0705

Sheet CAPM
A1: KENTUCKY DEPARTMENT OF REVENUE
A2: DIVISION OF STATE VALUATION, PUBLIC SERVICE BRANCH
A3: 2026 Tax Year
A6: =+'S&D'!A12 -> Electric Utilities
E7: CAPITAL ASSET PRICING MODEL (CAPM)
E8: YEAR END 12/31/2025
A13: KE = Rf + (B X ERP)
A14: CAPM Models | B14: Equity Risk Premium (ERP) | C14: Industry Beta (B) | D14: Industry Risk Premium | E14: Risk Free Rate (Rf) | F14: Indicated Equity Rate
A16: Three Stage Ex Ante Version 1 (1) | B16: 0.0294 | C16: =+'Beta for CAPM'!H38 -> 0.77 | D16: =+B16*C16 -> 0.022638 | E16: =+'Growth & Inflation Rates'!$G$24 -> 0.0481 | F16: =+D16+E16 -> 0.070738
A17: Three Stage Ex Ante Version 2 (2) | B17: 0.0298 | C17: =+C16 -> 0.77 | D17: =+B17*C17 -> 0.022946 | E17: =+'Growth & Inflation Rates'!$G$24 -> 0.0481 | F17: =+D17+E17 -> 0.071046
A19: Damodaran Implied ERP Ex Ante Trailing 12 mo Cash Yield (3) | B19: 0.0423 | C19: =+C16 -> 0.77 | D19: =+B19*C19 -> 0.032571 | E19: =+'Growth & Inflation Rates'!$G$24 -> 0.0481 | F19: =+D19+E19 -> 0.080671
A20: Damodaran Implied ERP Ex Ante Avg CF Yield Last 10 Yrs (3) | B20: 0.0618 | C20: =+C16 -> 0.77 | D20: =+B20*C20 -> 0.047586 | E20: =+'Growth & Inflation Rates'!$G$24 -> 0.0481 | F20: =+D20+E20 -> 0.095686
A21: Damodaran Implied ERP Ex Ante Net Cash Yield (3) | B21: 0.0396 | C21: =+C16 -> 0.77 | D21: =+B21*C21 -> 0.030492 | E21: =+'Growth & Inflation Rates'!$G$24 -> 0.0481 | F21: =+D21+E21 -> 0.078592
A22: Damodaran Implied ERP Ex Ante Norm. Earnings & Payout (3) | B22: 0.0362 | C22: =+C16 -> 0.77 | D22: =+B22*C22 -> 0.027874 | E22: =+'Growth & Inflation Rates'!$G$24 -> 0.0481 | F22: =+D22+E22 -> 0.075974
A24: The CFO Survey (4) | B24: 0.0561 | C24: =+C16 -> 0.77 | D24: =+B24*C24 -> 0.043197 | E24: =+'Growth & Inflation Rates'!$G$24 -> 0.0481 | F24: =+D24+E24 -> 0.091297
A26: P. Fernandez, T. Garcia de Santos & J.F.Acin (5) | B26: 0.055 | C26: =+C16 -> 0.77 | D26: =+B26*C26 -> 0.04235 | E26: =+'Growth & Inflation Rates'!$G$24 -> 0.0481 | F26: =+D26+E26 -> 0.09045
A28: BVR - Historical, Arithmetic Mean (6) | B28: 0.0678 | C28: =+C16 -> 0.77 | D28: =+B28*C28 -> 0.052206 | E28: =+'Growth & Inflation Rates'!$G$24 -> 0.0481 | F28: =+D28+E28 -> 0.100306
A29: BVR - Historical, Geometric Mean (7) | B29: 0.0554 | C29: =+C16 -> 0.77 | D29: =+B29*C29 -> 0.042658 | E29: =+'Growth & Inflation Rates'!$G$24 -> 0.0481 | F29: =+D29+E29 -> 0.090758
A31: KROLL Ex Post - ERP Historical (8) | B31: 0.0737 | C31: =+C16 -> 0.77 | D31: =+B31*C31 -> 0.056749 | E31: =+'Growth & Inflation Rates'!$G$24 -> 0.0481 | F31: =+D31+E31 -> 0.104849
A32: KROLL Ex Post - ERP Supply Side (8) | B32: 0.0631 | C32: =+C17 -> 0.77 | D32: =+B32*C32 -> 0.048587 | E32: =+'Growth & Inflation Rates'!$G$24 -> 0.0481 | F32: =+D32+E32 -> 0.096687
A33: KROLL Ex Ante - ERP Conditional (8) | B33: 0.05 | C33: =+C16 -> 0.77 | D33: =+B33*C33 -> 0.0385 | E33: =+'Growth & Inflation Rates'!$G$24 -> 0.0481 | F33: =+D33+E33 -> 0.0866
A39: KE = Rf + (B X ERP X 75%) = (ERP X 25%)
A40: Empirical CAPM Models | B40: Equity Risk Premium (ERP) | C40: Industry Beta (B) | D40: Weighted Industry Risk Premium (75%) | E40: Weighted Equity Risk Premium (25%) | F40: Risk Free Rate (Rf) | G40: Indicated Equity Rate
A42: =+A16 -> Three Stage Ex Ante Version 1 (1) | B42: =+B16 -> 0.0294 | C42: =+C16 -> 0.77 | D42: =+B42*C42*0.75 -> 0.0169785 | E42: =+B42*0.25 -> 0.00735 | F42: =+'Growth & Inflation Rates'!$G$24 -> 0.0481 | G42: =+D42+E42+F42 -> 0.0724285
A43: =+A17 -> Three Stage Ex Ante Version 2 (2) | B43: =+B17 -> 0.0298 | C43: =+C17 -> 0.77 | D43: =+B43*C43*0.75 -> 0.0172095 | E43: =+B43*0.25 -> 0.00745 | F43: =+'Growth & Inflation Rates'!$G$24 -> 0.0481 | G43: =+D43+E43+F43 -> 0.0727595
A45: =+A19 -> Damodaran Implied ERP Ex Ante Trailing 12 mo Cash Yield (3) | B45: =+B19 -> 0.0423 | C45: =+C19 -> 0.77 | D45: =+B45*C45*0.75 -> 0.02442825 | E45: =+B45*0.25 -> 0.010575 | F45: =+'Growth & Inflation Rates'!$G$24 -> 0.0481 | G45: =+D45+E45+F45 -> 0.08310325
A46: =+A20 -> Damodaran Implied ERP Ex Ante Avg CF Yield Last 10 Yrs (3) | B46: =+B20 -> 0.0618 | C46: =+C20 -> 0.77 | D46: =+B46*C46*0.75 -> 0.0356895 | E46: =+B46*0.25 -> 0.01545 | F46: =+'Growth & Inflation Rates'!$G$24 -> 0.0481 | G46: =+D46+E46+F46 -> 0.0992395
A47: =+A21 -> Damodaran Implied ERP Ex Ante Net Cash Yield (3) | B47: =+B21 -> 0.0396 | C47: =+C21 -> 0.77 | D47: =+B47*C47*0.75 -> 0.022869 | E47: =+B47*0.25 -> 0.0099 | F47: =+'Growth & Inflation Rates'!$G$24 -> 0.0481 | G47: =+D47+E47+F47 -> 0.080869
A48: =+A22 -> Damodaran Implied ERP Ex Ante Norm. Earnings & Payout (3) | B48: =+B22 -> 0.0362 | C48: =+C22 -> 0.77 | D48: =+B48*C48*0.75 -> 0.0209055 | E48: =+B48*0.25 -> 0.00905 | F48: =+'Growth & Inflation Rates'!$G$24 -> 0.0481 | G48: =+D48+E48+F48 -> 0.0780555
A50: The CFO Survey (4) | B50: =+B24 -> 0.0561 | C50: =+C24 -> 0.77 | D50: =+B50*C50*0.75 -> 0.03239775 | E50: =+B50*0.25 -> 0.014025 | F50: =+'Growth & Inflation Rates'!$G$24 -> 0.0481 | G50: =+D50+E50+F50 -> 0.09452275
A52: P. Fernandez, T. Garcia de Santos & J.F.Acin (5) | B52: =+B26 -> 0.055 | C52: =+C26 -> 0.77 | D52: =+B52*C52*0.75 -> 0.0317625 | E52: =+B52*0.25 -> 0.01375 | F52: =+'Growth & Inflation Rates'!$G$24 -> 0.0481 | G52: =+D52+E52+F52 -> 0.0936125
A54: BVR - Historical, Arithmetic Mean (6) | B54: =+B28 -> 0.0678 | C54: =+C28 -> 0.77 | D54: =+B54*C54*0.75 -> 0.0391545 | E54: =+B54*0.25 -> 0.01695 | F54: =+'Growth & Inflation Rates'!$G$24 -> 0.0481 | G54: =+D54+E54+F54 -> 0.1042045
A55: BVR - Historical, Geometric Mean (7) | B55: =+B29 -> 0.0554 | C55: =+C29 -> 0.77 | D55: =+B55*C55*0.75 -> 0.0319935 | E55: =+B55*0.25 -> 0.01385 | F55: =+'Growth & Inflation Rates'!$G$24 -> 0.0481 | G55: =+D55+E55+F55 -> 0.0939435
A57: =+A31 -> KROLL Ex Post - ERP Historical (8) | B57: =+B31 -> 0.0737 | C57: =+C31 -> 0.77 | D57: =+B57*C57*0.75 -> 0.04256175 | E57: =+B57*0.25 -> 0.018425 | F57: =+'Growth & Inflation Rates'!$G$24 -> 0.0481 | G57: =+D57+E57+F57 -> 0.10908675
A58: =+A32 -> KROLL Ex Post - ERP Supply Side (8) | B58: =+B32 -> 0.0631 | C58: =+C32 -> 0.77 | D58: =+B58*C58*0.75 -> 0.03644025 | E58: =+B58*0.25 -> 0.015775 | F58: =+'Growth & Inflation Rates'!$G$24 -> 0.0481 | G58: =+D58+E58+F58 -> 0.10031525
A59: =+A33 -> KROLL Ex Ante - ERP Conditional (8) | B59: =+B33 -> 0.05 | C59: =+C29 -> 0.77 | D59: =+B59*C59*0.75 -> 0.028875 | E59: =+B59*0.25 -> 0.0125 | F59: =+'Growth & Inflation Rates'!$G$24 -> 0.0481 | G59: =+D59+E59+F59 -> 0.089475
A64: Notes:
A66: (1) Three Stage Dividend Growth Model, S&P 500. The Three Stage Ex Ante calculations were performed by Montana. The Equity risk premiums are shown above.
A67: (2) Three Stage Dividend Growth Model, S&P 500. The Three Stage Ex Ante calculations were performed by Minnesota. The Equity risk premiums are shown above.
A69: (3) Implied Equity Risk Premium on January 2, 2026 as determined by Dr. Aswath Damodaran
A70: http://pages.stern.nyu.edu/~adamodar/New_Home_Page/datacurrent.html
A72: (4) The CFO Survey (2025). Data & Results December 17, 2025. Mean average annual S&P return over next ten years (9.9%) less annual yield on 10-year Treasury Bonds (4.29%).
A73: https://www.richmondfed.org/research/national_economy/cfo_survey
A75: (5) Fernandez, P., Garcia D., & Acin, J. F. (2025). Survey: Market Risk Premium and Risk-Free Rate used for 54 countries in 2025. SSRN Electronic Journal.
A76: Fernandez, P., Garcia D., & Acin, J. F. (2025). Survey: Market Risk Pre
A78: (6) & (7) Business Valuation Resources, Cost of Capital Professional. (2026). Historical ERP 1928 to present, using arithmetic mean, geometric mean, and 20-Year Treasury Securities.
A79: https://www.bvresources.com/products/faqs/cost-of-capital-professional
A81: (8) KROLL, Cost of Capital Navigator. (2026). See Montana Cap Rate Study.

Sheet Growth & Inflation Rates
A1: KENTUCKY DEPARTMENT OF REVENUE
A2: DIVISION OF STATE VALUATION, PUBLIC SERVICE BRANCH
A3: 2026 Tax Year
A7: Electric Utilities | E7: GROWTH & INFLATION RATES
E8: YEAR END 12/31/2025
A11: SHORT-TERM GROWTH RATES (5 years)
B13: Zacks Investment Research | C13: CFRA S&P Net Advantage | D13: Value Line Earnings | E13: Value Line Dividends | F13: KY DOR Dividends Growth Rate (Median / Average) | G13: KY DOR Earnings Growth Rate (Median / Average) | H13: Yahoo Finance
A15: =+A7 -> Electric Utilities | F15: =+'Dividends '!K34 -> 0.046929807 | G15: =+Earnings!K34 -> 0.066053668
F16: =+'Dividends '!K35 -> 0.046105908 | G16: =+Earnings!K35 -> 0.063328186
A18: RISK FREE RATE (Rf)
D19: RISK FREE RATE (Rf)
C20: Federal Reserve Statistical Release (January 2, 2026) Treasury Constant Maturities, Nominal (1) :
C21: 10-year U.S. Treasury coupon bonds | D21: 0.0419
C22: 20-year U.S. Treasury coupon bonds | D22: 0.0481
C23: 30-year U.S. Treasury coupon bonds | D23: 0.0486 | G23: KDOR Selected Risk Free Rate (Rf) >
C24: Value Line Investment Survey (January 10, 2026) Selected Yields on Taxable U.S. Treasury Securities : | G24: 0.0481
C25: 10-year U.S. Treasury coupon bonds | D25: 0.0412
C26: 20-year U.S. Treasury coupon bonds | D26: 0
C27: 30-year U.S. Treasury coupon bonds | D27: 0.0483
C28: Damodaran selected Risk-Free rate (January 1, 2026) (7) : | D28: 0.0418
C29: KROLL Cost of Capital Navigator Risk-Free rate Ex Post (January 1, 2026) : | D29: 0.0479
E31: Inflation and Gross Domestic Product (GDP) Data
E32: YEAR END 12/31/2025
A33: INFLATION (CPI) & GROSS DOMESTIC PRODUCT (GDP)
D35: Inflation | E35: Real LT Growth | F35: Nominal
A36: Source | D36: CPI | E36: GDP | F36: Growth
A38: Federal Reserve Statistical Release 10 Yr Inflation protected Treasury securities (1) | D38: 0.0225 | E38: na | F38: na
A39: Federal Reserve Statistical Release 20 Yr Inflation protected Treasury securities (1) | D39: 0.0242 | E39: na | F39: na
A40: Federal Reserve Statistical Release 30 Yr Inflation protected Treasury securities (1) | D40: 0.0223 | E40: na | F40: na
A41: Federal Reserve Bank of Philadelphia / Livingston Survey Mean (2) | D41: 0.0229 | E41: 0.0201 | F41: =+D41+E41 -> 0.043
A42: Federal Reserve Bank of Philadelphia / Livingston Survey Median (2a) | D42: 0.024 | E42: 0.02 | F42: =+D42+E42 -> 0.044
A43: Federal Reserve Bank of Philadelphia /Survey of Professional Forecasters Mean (2b) | D43: 0.0234 | E43: 0.021 | F43: =+D43+E43 -> 0.0444
A44: Congressional Budget Office Real Economic Projections (3) | D44: 0.023 | E44: 0.018 | F44: =+D44+E44 -> 0.041
A45: Congressional Budget Office Real Economic Projections (3a) | D45: 0.023 | E45: 0.021 | F45: =+D45+E45 -> 0.044
A46: Congressional Budget Office Real Economic Projections (3b) | D46: 0.023 | E46: 0.019 | F46: =+D46+E46 -> 0.042
A47: The Trading Economics (4) | D47: 0.023 | E47: 0.021 | F47: =+D47+E47 -> 0.044
A48: The World Bank (5) | D48: na | E48: 0.022 | F48: na
A49: Federal Reserve Bank "Long Term" Projection - Members & Presidents opinion (6) | D49: 0.02 | E49: 0.018 | F49: =+D49+E49 -> 0.038
C50: High | D50: =MAX(D38:D49) -> 0.0242 | E50: =MAX(E38:E49) -> 0.022 | F50: =MAX(F38:F49) -> 0.0444
C51: Low | D51: =MIN(D38:D49) -> 0.02 | E51: =MIN(E38:E49) -> 0.018 | F51: =MIN(F38:F49) -> 0.038
C52: Median | D52: =MEDIAN(D38:D49) -> 0.023 | E52: =MEDIAN(E38:E49) -> 0.0201 | F52: =+D52+E52 -> 0.0431
C53: Average | D53: =AVERAGE(D38:D49) -> 0.022845455 | E53: =AVERAGE(E38:E49) -> 0.020011111 | F53: =+D53+E53 -> 0.042856566
C56: SELECTED > | D56: 0.0228 | E56: 0.02 | F56: 0.0429
A59: The Federal Reserve Bank projects their "long-term" estimate of Change in US real GDP at 1.8%
A60: The Congressional Budget Office projects the U.S. Real GDP annual growth rate of 2.2% in 2026 and 1.8% in 2027 Core CPI = 2.30%
A61: The Congressional Budget Office projects the U.S. Inflation CPI 4th Qtr. To 4th Qtr. 2.7% in 2026 2.3% in 2027, 2.0% in 2028 and 2029 to 2030. 2.0% 2031 to 2036
A62: The Congressional Budget Office projects the U.S. Real GDP annual growth rates of 1.8% from 2029 to 2030 and 1.8% from 2031 to 2036
A63: The Congressional Budget Office projects the U.S. Real GDP average annual (Yr to Yr) growth rates of 2.21% from 2026 to 2030 and 1.80% from 2030 to 2035 and 1.90 GDP overall from 2026 to 2036
A65: “Since no firm can grow forever at a rate higher than the growth rate of the economy in which it operates, the constant growth rate cannot be greater
A66: than the overall growth rate of the economy.” Dr. Aswath Damodaran (n.d.) The Stable Growth Rate
A67: http://pages.stern.nyu.edu/~adamodar/New_Home_Page/valquestions/stablegrowthrate.htm
A69: SOURCES:
A71: (1) Federal Reserve Statistical Release
A72: January 2, 2026 Compare inflation indexed securities to non-inflation indexed securities. The difference is the inflation rate. See Minnesota study page 36pdf or Washington study page 6.
A73: http://www.federalreserve.gov/Releases/H15/Current/
... A108: Aswath Damoodaran

Sheet Indicated Yield Equity Rate 
A1: KENTUCKY DEPARTMENT OF REVENUE
A2: DIVISION OF STATE VALUATION, PUBLIC SERVICE BRANCH
A3: 2026 Tax Year
A6: =+'S&D'!A12 -> Electric Utilities
C8: EQUITY RATES for YIELD APPROACH
C9: YEAR END 12/31/2025
D12: Kentucky
C13: MODEL | D13: YIELD EQUITY RATE
C14: CAPM - Ex Ante, Three Stage - V1 | D14: =+CAPM!F16 -> 0.070738
C15: CAPM - Ex Ante, Three Stage - V2 | D15: =+CAPM!F17 -> 0.071046
C16: CAPM - Ex Ante Damodaran 12 Mo Cash Yield | D16: =+CAPM!F19 -> 0.080671
C17: CAPM - Ex Ante Damodaran Avg CF Yield Last 10 Yrs | D17: =+CAPM!F20 -> 0.095686
C18: CAPM - Ex Ante Damodaran Net Cash Yield | D18: =+CAPM!F21 -> 0.078592
C19: CAPM - Ex Ante Damodaran NEP | D19: =+CAPM!F22 -> 0.075974
C20: CAPM - The CFO Survey | D20: =+CAPM!F24 -> 0.091297
C21: CAPM - Fernandez, Banuls, & Acin | D21: =+CAPM!F26 -> 0.09045
C22: CAPM - Ex Post (BVR Historical, Arithmeic) | D22: =+CAPM!F28 -> 0.100306
C23: CAPM - Ex Post (BVR Historical, Geometric) | D23: =+CAPM!F29 -> 0.090758
C24: CAPM - KROLL Ex Post - ERP Historical | D24: =+CAPM!F31 -> 0.104849
C25: CAPM - KROLL Ex Post - ERP Supply Side | D25: =+CAPM!F32 -> 0.096687
C26: CAPM - KROLL Ex Ante - ERP Conditional | D26: =+CAPM!F33 -> 0.0866
C27: Empirical CAPM - Ex Ante, Three Stage - V1 | D27: =+CAPM!G42 -> 0.0724285
C28: Empirical CAPM - Ex Ante, Three Stage - V2 | D28: =+CAPM!G43 -> 0.0727595
C29: Empirical CAPM - Ex Ante Damodaran 12 Mo Cash Yield | D29: =+CAPM!G45 -> 0.08310325
C30: Empirical CAPM - Ex Ante Damodaran Avg CF Yield Last 10 Yrs | D30: =+CAPM!G46 -> 0.0992395
C31: Empirical CAPM - Ex Ante Damodaran Net Cash Yield | D31: =+CAPM!G47 -> 0.080869
C32: Empirical CAPM - Ex Ante Damodaran NEP | D32: =+CAPM!G48 -> 0.0780555
C33: Empirical CAPM - The CFO Survey | D33: =+CAPM!G50 -> 0.09452275
C34: Empirical CAPM - Fernandez, Banuls, & Acin | D34: =+CAPM!G52 -> 0.0936125
C35: Empirical CAPM - Ex Post (BVR Historical, Arithmeic) | D35: =+CAPM!G54 -> 0.1042045
C36: Empirical CAPM - Ex Post (BVR Historical, Geometric) | D36: =+CAPM!G55 -> 0.0939435
C37: Empirical CAPM - KROLL Ex Post - ERP Historical | D37: =+CAPM!G57 -> 0.10908675
C38: Empirical CAPM - KROLL Ex Post - ERP Supply Side | D38: =+CAPM!G58 -> 0.10031525
C39: Empirical CAPM - KROLL Ex Ante - ERP Conditional | D39: =+CAPM!G59 -> 0.089475
C40: DGM - Single Stage - Dividend Growth | D40: =+'Single Stage Div Growth Model'!I38 -> 0.09
C41: DGM - Single Stage - Earnings Growth | D41: =+'Single Stage Div Growth Model'!I40 -> 0.091
C42: DGM - Two Stage - Dividend Growth | D42: =+'Two-Stage Dividend Growth Model'!H42 -> 0.0878
C43: P/E Ratio - Long Term Projection NOPAT | D43: =+'Direct NOPAT'!G75 -> 0.0705
C45: High | D45: =MAX(D14:D42) -> 0.10908675
C46: Low | D46: =MIN(D14:D42) -> 0.070738
C47: Median | D47: =MEDIAN(D14:D42) -> 0.09045
C48: Mean | D48: =AVERAGE(D14:D42) -> 0.088761017
D50: .
C51: Indicated Rate of Equity Selected > | D51: 0.0888
A59: NOTE:
A60: For rate based companies, the maximum allowed 'rate of return' established by state regulators is not comparable (a mismatch) to the 'cost of equity' calculated above.

Sheet Single Stage Div Growth Model
A1: KENTUCKY DEPARTMENT OF REVENUE
A2: DIVISION OF STATE VALUATION, PUBLIC SERVICE BRANCH
A3: 2026 Tax Year
A6: =+'S&D'!A12 -> Electric Utilities
F7: Yield Equity Rate - DGM (Dividend Growth) & DGM (Earnings Growth) -- Gordon Growth
F8: YEAR END 12/31/2025
B10: Ticker | C10: Industry | D10: Stock | E10: Common Stock | F10: Dividend Yield | G10: Projected Short Term | H10: Projected Short Term | I10: Equity Rate | J10: Equity Rate
A11: Company | B11: Symbol | C11: Group | D11: Price (P0) | E11: FMV | F11: Projected 1 Yr | G11: Dividend Growth Rate | H11: Earnings Per Share Growth Rate | I11: Dividend | J11: Earnings
G12: Estimated 23-25 to 29-31 | H12: Estimated 23-25 to 29-31
B13: B | C13: C | D13: D | E13: E | F13: F | G13: G | H13: H | I13: (F+G) | J13: (F+H)
A14: VL | B14: VL | C14: VL | D14: Year End | F14: VL | G14: VL | H14: VL
A17: =+'S&D'!A22 -> Alliant Energy | B17: =+'S&D'!B22 -> LNT | C17: =+'S&D'!C22 -> Electric Utility - Cent | D17: =+'S&D'!G22 -> 65.01 | E17: =+'S&D'!D46 -> 1.6716493e+10 | F17: =+'Dividends '!H16 -> 0.035071527 | G17: 0.06 | H17: 0.06 | I17: =+F17+G17 -> 0.095071527 | J17: =+F17+H17 -> 0.095071527
A18: =+'S&D'!A23 -> AMEREN Corporation | B18: =+'S&D'!B23 -> AEE | C18: =+'S&D'!C23 -> Electric Utility - Cent | D18: =+'S&D'!G23 -> 99.86 | E18: =+'S&D'!D47 -> 27601304000 | F18: =+'Dividends '!H17 -> 0.032044863 | G18: 0.065 | H18: 0.065 | I18: =+F18+G18 -> 0.097044863 | J18: =+F18+H18 -> 0.097044863
A19: =+'S&D'!A24 -> American Electric Power | B19: =+'S&D'!B24 -> AEP | C19: =+'S&D'!C24 -> Electric Utility - Cent | D19: =+'S&D'!G24 -> 115.31 | E19: =+'S&D'!D48 -> 6.2366736e+10 | F19: =+'Dividends '!H18 -> 0.035382881 | G19: 0.055 | H19: 0.065 | I19: =+F19+G19 -> 0.090382881 | J19: =+F19+H19 -> 0.10038288
A20: =+'S&D'!A25 -> Centerpoint Energy | B20: =+'S&D'!B25 -> CNP | C20: =+'S&D'!C25 -> Electric Utility - Cent | D20: =+'S&D'!G25 -> 38.34 | E20: =+'S&D'!D49 -> 2.503102e+10 | F20: =+'Dividends '!H19 -> 0.029994784 | G20: 0.075 | H20: 0.08 | I20: =+F20+G20 -> 0.10499478 | J20: =+F20+H20 -> 0.10999478
A21: =+'S&D'!A26 -> CMS Energy | B21: =+'S&D'!B26 -> CMS | C21: =+'S&D'!C26 -> Electric Utility - Cent | D21: =+'S&D'!G26 -> 69.93 | E21: =+'S&D'!D50 -> 2.1426552e+10 | F21: =+'Dividends '!H20 -> 0.035750036 | G21: 0.07 | H21: 0.08 | I21: =+F21+G21 -> 0.10575004 | J21: =+F21+H21 -> 0.11575004
A22: =+'S&D'!A27 -> DTE Energy | B22: =+'S&D'!B27 -> DTE | C22: =+'S&D'!C27 -> Electric Utility - Cent | D22: =+'S&D'!G27 -> 128.98 | E22: =+'S&D'!D51 -> 2.679497e+10 | F22: =+'Dividends '!H21 -> 0.038378043 | G22: 0.035 | H22: 0.055 | I22: =+F22+G22 -> 0.073378043 | J22: =+F22+H22 -> 0.093378043
A23: =+'S&D'!A28 -> Duke Energy | B23: =+'S&D'!B28 -> DUK | C23: =+'S&D'!C28 -> Electric Utility - East | D23: =+'S&D'!G28 -> 117.21 | E23: =+'S&D'!D52 -> 91189380000 | F23: =+'Dividends '!H22 -> 0.037710093 | G23: 0.04 | H23: 0.06 | I23: =+F23+G23 -> 0.077710093 | J23: =+F23+H23 -> 0.097710093
A24: =+'S&D'!A29 -> Entergy Corp | B24: =+'S&D'!B29 -> ETR | C24: =+'S&D'!C29 -> Electric Utility - Cent | D24: =+'S&D'!G29 -> 92.43 | E24: =+'S&D'!D53 -> 4.1809728e+10 | F24: =+'Dividends '!H23 -> 0.028994915 | G24: 0.045 | H24: 0.03 | I24: =+F24+G24 -> 0.073994915 | J24: =+F24+H24 -> 0.058994915
A25: =+'S&D'!A30 -> Evergy Inc | B25: =+'S&D'!B30 -> EVRG | C25: =+'S&D'!C30 -> Electric Utility - Cent | D25: =+'S&D'!G30 -> 72.49 | E25: =+'S&D'!D54 -> 1.6691741e+10 | F25: =+'Dividends '!H24 -> 0.038626017 | G25: 0.05 | H25: 0.065 | I25: =+F25+G25 -> 0.088626017 | J25: =+F25+H25 -> 0.10362602
A26: =+'S&D'!A31 -> FirstEnergy Corp | B26: =+'S&D'!B31 -> FE | C26: =+'S&D'!C31 -> Electric Utility - East | D26: =+'S&D'!G31 -> 44.77 | E26: =+'S&D'!D55 -> 25877060000 | F26: =+'Dividends '!H25 -> 0.043332589 | G26: 0.05 | H26: 0.05 | I26: =+F26+G26 -> 0.093332589 | J26: =+F26+H26 -> 0.093332589
A27: =+'S&D'!A32 -> OGE Energy Corp. | B27: =+'S&D'!B32 -> OGE | C27: =+'S&D'!C32 -> Electric Utility - Cent | D27: =+'S&D'!G32 -> 42.7 | E27: =+'S&D'!D56 -> 1725080000 | F27: =+'Dividends '!H26 -> 0.039812646 | G27: 0.015 | H27: 0.03 | I27: =+F27+G27 -> 0.054812646 | J27: =+F27+H27 -> 0.069812646
A28: =+'S&D'!A33 -> Otter Tail Corp | B28: =+'S&D'!B33 -> OTTR | C28: =+'S&D'!C33 -> Electric Utility - Cent | D28: =+'S&D'!G33 -> 80.81 | E28: =+'S&D'!D57 -> 3.3863851e+09 | F28: =+'Dividends '!H27 -> 0.030936765 | G28: 0.085 | H28: -0.01 | I28: =+F28+G28 -> 0.11593677 | J28: =+F28+H28 -> 0.020936765
... A31: =+'S&D'!A36 -> WEC Energy Group | B31: =+'S&D'!B36 -> WEC | C31: =+'S&D'!C36 -> Electric Utility - Cent | D31: =+'S&D'!G36 -> 105.46 | E31: =+'S&D'!D60 -> 3.4323172e+10 | F31: =+'Dividends '!H30 -> 0.037929073 | G31: 0.07 | H31: 0.06 | I31: =+F31+G31 -> 0.10792907 | J31: =+F31+H31 -> 0.097929073
E32: High | F32: =MAX(F17:F31) -> 0.043332589 | G32: =MAX(G17:G31) -> 0.085 | H32: =MAX(H17:H31) -> 0.08 | I32: =MAX(I17:I31) -> 0.11593677 | J32: =MAX(J17:J31) -> 0.11575004
E33: Low | F33: =MIN(F17:F31) -> 0.028994915 | G33: =MIN(G17:G31) -> 0.015 | H33: =MIN(H17:H31) -> -0.01 | I33: =MIN(I17:I31) -> 0.054812646 | J33: =MIN(J17:J31) -> 0.020936765
E34: Median | F34: =MEDIAN(F17:F31) -> 0.035750036 | G34: =MEDIAN(G17:G31) -> 0.055 | H34: =MEDIAN(H17:H31) -> 0.06 | I34: =MEDIAN(I17:I31) -> 0.093332589 | J34: =MEDIAN(J17:J31) -> 0.097710093
E35: Average | F35: =AVERAGE(F17:F31) -> 0.03567308 | G35: =AVERAGE(G17:G31) -> 0.054333333 | H35: =AVERAGE(H17:H31) -> 0.055333333 | I35: =AVERAGE(I17:I31) -> 0.090006413 | J35: =AVERAGE(J17:J31) -> 0.091006413
G38: DGM - Dividend Growth Rate > | I38: 0.09
G40: DGM - Earnings Growth Rate > | I40: 0.091
A42: Dividend Growth = DY + DG | C42: Earnings Growth = DY + EG
A43: DY = Dividend Yield | C43: DY = Dividend Yield
A44: DG = Dividend Growth | C44: EG = Earnings Growth
A47: KE = (D1 / Po) + G | C47: KE = (D1 / Po) + G
A49: KE = Cost of Equity | C49: KE = Cost of Equity
A50: D1 = Expected Dividends | C50: D1 = Expected Dividends
A51: Po = Current Price | C51: Po = Current Price
A52: G = Projected Growth (Div. 5 Yr Growth Rate) | C52: G = Projected Growth (Earnings Per Share 5 Yr Growth Rate)

Sheet Two-Stage Dividend Growth Model
A1: KENTUCKY DEPARTMENT OF REVENUE
A2: DIVISION OF STATE VALUATION, PUBLIC SERVICE BRANCH
A3: 2026 Tax Year
A6: =+'S&D'!A12 -> Electric Utilities
E9: Yield Equity Rate - DGM (Two-Stage)
E10: YEAR END 12/31/2025
B14: Ticker | C14: Industry | D14: Dividend Yield | E14: Projected Short Term | F14: Stable | G14: Average | H14: Cost of
A15: Company | B15: Symbol | C15: Group | D15: Projected 1 Yr | E15: Earnings Per Share Growth Rate | F15: Growth | G15: Growth Rate | H15: Equity
E16: Estimated 20-22 to 26-28 | G16: (G1 + g)/2 | H16: KE = (DY X (1 + .5(G))) + .67 (G1) + .33(g)
D17: DY | E17: G1 | F17: g | G17: G
D18: VL | E18: VL
A21: =+'S&D'!A22 -> Alliant Energy | B21: =+'S&D'!B22 -> LNT | C21: =+'S&D'!C22 -> Electric Utility - Cent | D21: =+'Single Stage Div Growth Model'!F17 -> 0.035071527 | E21: =+'Single Stage Div Growth Model'!H17 -> 0.06 | F21: =+'Growth & Inflation Rates'!$F$56 -> 0.0429 | G21: =(F21+E21)/2 -> 0.05145 | H21: =D21*(1+(0.5*G21))+(0.67*E21)+(0.33*F21) -> 0.090330743
A22: =+'S&D'!A23 -> AMEREN Corporation | B22: =+'S&D'!B23 -> AEE | C22: =+'S&D'!C23 -> Electric Utility - Cent | D22: =+'Single Stage Div Growth Model'!F18 -> 0.032044863 | E22: =+'Single Stage Div Growth Model'!H18 -> 0.065 | F22: =+'Growth & Inflation Rates'!$F$56 -> 0.0429 | G22: =(F22+E22)/2 -> 0.05395 | H22: =D22*(1+(0.5*G22))+(0.67*E22)+(0.33*F22) -> 0.090616273
A23: =+'S&D'!A24 -> American Electric Power | B23: =+'S&D'!B24 -> AEP | C23: =+'S&D'!C24 -> Electric Utility - Cent | D23: =+'Single Stage Div Growth Model'!F19 -> 0.035382881 | E23: =+'Single Stage Div Growth Model'!H19 -> 0.065 | F23: =+'Growth & Inflation Rates'!$F$56 -> 0.0429 | G23: =(F23+E23)/2 -> 0.05395 | H23: =D23*(1+(0.5*G23))+(0.67*E23)+(0.33*F23) -> 0.094044334
A24: =+'S&D'!A25 -> Centerpoint Energy | B24: =+'S&D'!B25 -> CNP | C24: =+'S&D'!C25 -> Electric Utility - Cent | D24: =+'Single Stage Div Growth Model'!F20 -> 0.029994784 | E24: =+'Single Stage Div Growth Model'!H20 -> 0.08 | F24: =+'Growth & Inflation Rates'!$F$56 -> 0.0429 | G24: =(F24+E24)/2 -> 0.06145 | H24: =D24*(1+(0.5*G24))+(0.67*E24)+(0.33*F24) -> 0.098673373
A25: =+'S&D'!A26 -> CMS Energy | B25: =+'S&D'!B26 -> CMS | C25: =+'S&D'!C26 -> Electric Utility - Cent | D25: =+'Single Stage Div Growth Model'!F21 -> 0.035750036 | E25: =+'Single Stage Div Growth Model'!H21 -> 0.08 | F25: =+'Growth & Inflation Rates'!$F$56 -> 0.0429 | G25: =(F25+E25)/2 -> 0.06145 | H25: =D25*(1+(0.5*G25))+(0.67*E25)+(0.33*F25) -> 0.10460546
A26: =+'S&D'!A27 -> DTE Energy | B26: =+'S&D'!B27 -> DTE | C26: =+'S&D'!C27 -> Electric Utility - Cent | D26: =+'Single Stage Div Growth Model'!F22 -> 0.038378043 | E26: =+'Single Stage Div Growth Model'!H22 -> 0.055 | F26: =+'Growth & Inflation Rates'!$F$56 -> 0.0429 | G26: =(F26+E26)/2 -> 0.04895 | H26: =D26*(1+(0.5*G26))+(0.67*E26)+(0.33*F26) -> 0.090324346
A27: =+'S&D'!A28 -> Duke Energy | B27: =+'S&D'!B28 -> DUK | C27: =+'S&D'!C28 -> Electric Utility - East | D27: =+'Single Stage Div Growth Model'!F23 -> 0.037710093 | E27: =+'Single Stage Div Growth Model'!H23 -> 0.06 | F27: =+'Growth & Inflation Rates'!$F$56 -> 0.0429 | G27: =(F27+E27)/2 -> 0.05145 | H27: =D27*(1+(0.5*G27))+(0.67*E27)+(0.33*F27) -> 0.093037185
A28: =+'S&D'!A29 -> Entergy Corp | B28: =+'S&D'!B29 -> ETR | C28: =+'S&D'!C29 -> Electric Utility - Cent | D28: =+'Single Stage Div Growth Model'!F24 -> 0.028994915 | E28: =+'Single Stage Div Growth Model'!H24 -> 0.03 | F28: =+'Growth & Inflation Rates'!$F$56 -> 0.0429 | G28: =(F28+E28)/2 -> 0.03645 | H28: =D28*(1+(0.5*G28))+(0.67*E28)+(0.33*F28) -> 0.063780347
A29: =+'S&D'!A30 -> Evergy Inc | B29: =+'S&D'!B30 -> EVRG | C29: =+'S&D'!C30 -> Electric Utility - Cent | D29: =+'Single Stage Div Growth Model'!F25 -> 0.038626017 | E29: =+'Single Stage Div Growth Model'!H25 -> 0.065 | F29: =+'Growth & Inflation Rates'!$F$56 -> 0.0429 | G29: =(F29+E29)/2 -> 0.05395 | H29: =D29*(1+(0.5*G29))+(0.67*E29)+(0.33*F29) -> 0.097374954
A30: =+'S&D'!A31 -> FirstEnergy Corp | B30: =+'S&D'!B31 -> FE | C30: =+'S&D'!C31 -> Electric Utility - East | D30: =+'Single Stage Div Growth Model'!F26 -> 0.043332589 | E30: =+'Single Stage Div Growth Model'!H26 -> 0.05 | F30: =+'Growth & Inflation Rates'!$F$56 -> 0.0429 | G30: =(F30+E30)/2 -> 0.04645 | H30: =D30*(1+(0.5*G30))+(0.67*E30)+(0.33*F30) -> 0.091995988
A31: =+'S&D'!A32 -> OGE Energy Corp. | B31: =+'S&D'!B32 -> OGE | C31: =+'S&D'!C32 -> Electric Utility - Cent | D31: =+'Single Stage Div Growth Model'!F27 -> 0.039812646 | E31: =+'Single Stage Div Growth Model'!H27 -> 0.03 | F31: =+'Growth & Inflation Rates'!$F$56 -> 0.0429 | G31: =(F31+E31)/2 -> 0.03645 | H31: =D31*(1+(0.5*G31))+(0.67*E31)+(0.33*F31) -> 0.074795232
A32: =+'S&D'!A33 -> Otter Tail Corp | B32: =+'S&D'!B33 -> OTTR | C32: =+'S&D'!C33 -> Electric Utility - Cent | D32: =+'Single Stage Div Growth Model'!F28 -> 0.030936765 | E32: =+'Single Stage Div Growth Model'!H28 -> -0.01 | F32: =+'Growth & Inflation Rates'!$F$56 -> 0.0429 | G32: =(F32+E32)/2 -> 0.01645 | H32: =D32*(1+(0.5*G32))+(0.67*E32)+(0.33*F32) -> 0.03864822
... A35: =+'S&D'!A36 -> WEC Energy Group | B35: =+'S&D'!B36 -> WEC | C35: =+'S&D'!C36 -> Electric Utility - Cent | D35: =+'Single Stage Div Growth Model'!F31 -> 0.037929073 | E35: =+'Single Stage Div Growth Model'!H31 -> 0.06 | F35: =+'Growth & Inflation Rates'!$F$56 -> 0.0429 | G35: =(F35+E35)/2 -> 0.05145 | H35: =D35*(1+(0.5*G35))+(0.67*E35)+(0.33*F35) -> 0.093261798
G36: High | H36: =MAX(H21:H35) -> 0.10460546
G37: Low | H37: =MIN(H21:H35) -> 0.03864822
G38: Median | H38: =MEDIAN(H21:H35) -> 0.093037185
G39: Average | H39: =AVERAGE(H21:H35) -> 0.08778272
G42: Two-Stage DGM Rate > | H42: 0.0878
A44: KE = (DY X (1+ .5(G))) + .67(G1) + .33(g)
A46: KE = Cost of Equity
A47: DY = Dividend Yield See ValueLine
A48: G = Average growth rate
A49: G1 = Short term growth estimate
A50: g = Stable Growth - Nominal growth rate

Sheet Multiples
A1: KENTUCKY DEPARTMENT OF REVENUE
A2: DIVISION OF STATE VALUATION, PUBLIC SERVICE BRANCH
A3: 2026 Tax Year
A6: =+'S&D'!A12 -> Electric Utilities
E8: GROSS REVENUE & GROSS BOOK (EQUITY) MULTIPLES
E9: YEAR END 12/31/2025
C11: Ticker | E11: Gross Revenues | F11: Gross Revenue | G11: Computed | H11: Gross Book Value Equity | I11: Gross Book Value Equity | J11: Computed
B12: Company | C12: Symbol | D12: Price | E12: Per Share | F12: Multiple * | G12: Inverse | H12: Per Share ** | I12: Multiple | J12: Inverse
D13: Year End | E13: VL Historic | H13: VL Historic
B16: =+'S&D'!A22 -> Alliant Energy | C16: =+'S&D'!B22 -> LNT | D16: =+'S&D'!G22 -> 65.01 | E16: 17.3 | F16: =D16/E16 -> 3.7578035 | G16: =1/F16 -> 0.26611291 | H16: 29.7 | I16: =D16/H16 -> 2.1888889 | J16: =1/I16 -> 0.45685279
B17: =+'S&D'!A23 -> AMEREN Corporation | C17: =+'S&D'!B23 -> AEE | D17: =+'S&D'!G23 -> 99.86 | E17: 32.75 | F17: =D17/E17 -> 3.0491603 | G17: =1/F17 -> 0.32795914 | H17: 48.5 | I17: =D17/H17 -> 2.0589691 | J17: =1/I17 -> 0.48567995
B18: =+'S&D'!A24 -> American Electric Power | C18: =+'S&D'!B24 -> AEP | D18: =+'S&D'!G24 -> 115.31 | E18: 43.15 | F18: =D18/E18 -> 2.6723059 | G18: =1/F18 -> 0.37420865 | H18: 55.55 | I18: =D18/H18 -> 2.0757876 | J18: =1/I18 -> 0.48174486
B19: =+'S&D'!A25 -> Centerpoint Energy | C19: =+'S&D'!B25 -> CNP | D19: =+'S&D'!G25 -> 38.34 | E19: 15 | F19: =D19/E19 -> 2.556 | G19: =1/F19 -> 0.39123631 | H19: 18.65 | I19: =D19/H19 -> 2.0557641 | J19: =1/I19 -> 0.48643714
B20: =+'S&D'!A26 -> CMS Energy | C20: =+'S&D'!B26 -> CMS | D20: =+'S&D'!G26 -> 69.93 | E20: 27.9 | F20: =D20/E20 -> 2.5064516 | G20: =1/F20 -> 0.3989704 | H20: 30.65 | I20: =D20/H20 -> 2.2815661 | J20: =1/I20 -> 0.43829544
B21: =+'S&D'!A27 -> DTE Energy | C21: =+'S&D'!B27 -> DTE | D21: =+'S&D'!G27 -> 128.98 | E21: 72.45 | F21: =D21/E21 -> 1.7802622 | G21: =1/F21 -> 0.56171499 | H21: 62.6 | I21: =D21/H21 -> 2.0603834 | J21: =1/I21 -> 0.48534657
B22: =+'S&D'!A28 -> Duke Energy | C22: =+'S&D'!B28 -> DUK | D22: =+'S&D'!G28 -> 117.21 | E22: 33.4 | F22: =D22/E22 -> 3.5092814 | G22: =1/F22 -> 0.28495862 | H22: 37.5 | I22: =D22/H22 -> 3.1256 | J22: =1/I22 -> 0.31993857
B23: =+'S&D'!A29 -> Entergy Corp | C23: =+'S&D'!B29 -> ETR | D23: =+'S&D'!G29 -> 92.43 | E23: 42.75 | F23: =D23/E23 -> 2.1621053 | G23: =1/F23 -> 0.46251217 | H23: 68 | I23: =D23/H23 -> 1.3592647 | J23: =1/I23 -> 0.73569187
B24: =+'S&D'!A30 -> Evergy Inc | C24: =+'S&D'!B30 -> EVRG | D24: =+'S&D'!G30 -> 72.49 | E24: 33.4 | F24: =D24/E24 -> 2.1703593 | G24: =1/F24 -> 0.46075321 | H24: 37.5 | I24: =D24/H24 -> 1.9330667 | J24: =1/I24 -> 0.51731273
B25: =+'S&D'!A31 -> FirstEnergy Corp | C25: =+'S&D'!B31 -> FE | D25: =+'S&D'!G31 -> 44.77 | E25: 30.65 | F25: =D25/E25 -> 1.4606852 | G25: =1/F25 -> 0.68461023 | H25: 32.6 | I25: =D25/H25 -> 1.3733129 | J25: =1/I25 -> 0.72816618
B26: =+'S&D'!A32 -> OGE Energy Corp. | C26: =+'S&D'!B32 -> OGE | D26: =+'S&D'!G32 -> 42.7 | E26: 25.8 | F26: =D26/E26 -> 1.6550388 | G26: =1/F26 -> 0.60421546 | H26: 23.25 | I26: =D26/H26 -> 1.8365591 | J26: =1/I26 -> 0.54449649
B27: =+'S&D'!A33 -> Otter Tail Corp | C27: =+'S&D'!B33 -> OTTR | D27: =+'S&D'!G33 -> 80.81 | E27: 16.45 | F27: =D27/E27 -> 4.912462 | G27: =1/F27 -> 0.20356392 | H27: 25.1 | I27: =D27/H27 -> 3.2195219 | J27: =1/I27 -> 0.31060512
... B30: =+'S&D'!A36 -> WEC Energy Group | C30: =+'S&D'!B36 -> WEC | D30: =+'S&D'!G36 -> 105.46 | E30: 32.1 | F30: =D30/E30 -> 3.2853583 | G30: =1/F30 -> 0.30438081 | H30: 42.5 | I30: =D30/H30 -> 2.4814118 | J30: =1/I30 -> 0.4029964
D32: High | F32: =MAX(F16:F30) -> 4.912462 | G32: =MAX(G16:G30) -> 0.68461023 | I32: =MAX(I16:I30) -> 3.2195219 | J32: =MAX(J16:J30) -> 0.73569187
D33: Low | F33: =MIN(F16:F30) -> 1.4606852 | G33: =MIN(G16:G30) -> 0.20356392 | I33: =MIN(I16:I30) -> 1.3592647 | J33: =MIN(J16:J30) -> 0.31060512
D34: Median | F34: =MEDIAN(F16:F30) -> 2.6723059 | G34: =MEDIAN(G16:G30) -> 0.37420865 | I34: =MEDIAN(I16:I30) -> 2.0603834 | J34: =MEDIAN(J16:J30) -> 0.48534657
D35: Average | F35: =AVERAGE(F16:F30) -> 2.7649567 | G35: =AVERAGE(G16:G30) -> 0.39971807 | I35: =AVERAGE(I16:I30) -> 2.1623684 | J35: =AVERAGE(J16:J30) -> 0.49098388
D37: SELECTED AVERAGE > | F37: 2.76 | I37: 2.16
A40: * This multiple is applicable to service type companies, or those with few assets. These companies sell at prices related to their revenues.
A41: The higher the return on revenue the higher the price to revenue will be.
A43: ** The book value, or common equity, per share is total owners' equity minus preferred stock divided by the number of common shares outstanding.
A44: The purpose of this ratio is to test whether the market price is worth more (or less) than the cost of the assets.
A45: If the result is greater than one(1), it indicates the market value exceeds book value and can often be used as a sign of competent management.

Sheet Info
